 Dungeon Crawl Stone Soup version 0.31-a0-162-gc4c5a43528 (webtiles) character file.

Game seed: 5414419002025293546

433627 qw the Slayer (level 23, -4/157 (162) HPs)
             Began as a Gargoyle Fighter on June 12, 2023.
             Was a High Priest of Okawaru.
             Slain by an ironbound convoker
             ... wielding a +0 mace
              (8 damage)
             ... on level 5 of the Vaults.
             The game lasted 00:33:30 (55373 turns).

qw the Slayer (Gargoyle Fighter)                   Turns: 55373, Time: 00:33:30

HP:   -4/157 (162)  AC: 52    Str: 33    XL:     23   Next: 96%
MP:   0/10          EV: 14    Int: 12    God:    Okawaru [*****.]
Gold: 1973          SH: 26    Dex: 13    Spells: 22/22 levels left

rFire   . . .        o - +9 broad axe of Malaise {antimagic, Stlth+}
rCold   . . .        F - +0 tower shield
rNeg    + . .        D - +9 plate armour
rPois   inf          e - +2 helmet {Int+3}
rElec   +            A - -1 cloak "Recaulis" {SInv}
rCorr   .            m - +2 pair of gloves {infuse}
SInv    +            u - +0 pair of boots of Existentialism {Regen+}
Will    +....        q - amulet of reflection Stlth
                     j - +5 ring of evasion
HPRegen 1.26/turn    w - +6 ring of strength
MPRegen 0.12/turn

%: reflection
@: about to teleport, corroded, flying, constricted, lightly drained
A: sickness immunity, AC +17, big wings, negative energy resistance 1,
electricity resistance, torment resistance 1, petrification resistance, agile 1,
weak 1, subdued magic 1
}: 2/15 runes: barnacled, gossamer
a: Renounce Religion, Heroism, Finesse, Duel


You were on level 5 of the Vaults.
You worshipped Okawaru.
Okawaru was extremely pleased with you.
You visited 8 branches of the dungeon, and saw 40 of its levels.
You visited the Abyss 2 times.

You collected 4901 gold pieces.
You spent 2928 gold pieces at shops.


Innate Abilities, Weirdness & Mutations

You are immune to sickness and miasma.
Your stone body is resilient. (AC +17)
You are immune to poison.
Your large and strong wings let you fly.
You resist negative energy. (rN+)
You are resistant to electric shocks. (rElec)
You are resistant to unholy torment.
You are immune to petrification.
You are agile. (Dex +4, Str/Int -1)
You are weak. (Str -2)
Your spells are a little easier to cast, but a little less powerful.


   Skills:
 - Level 22.0 Fighting
 - Level 18.0 Axes
 - Level 12.0 Throwing
 - Level 21.0 Armour
 - Level 9.1 Dodging
 + Level 21.0 Shields
 - Level 10.1 Invocations


You had 22 spell levels left.
You didn't know any spells.
Your spell library was empty.

Inventory:

Hand Weapons
 o - the +9 broad axe of Malaise (weapon) {antimagic, Stlth+}
   (Okawaru gifted it to you on level 15 of the Dungeon)

   Stlth:     It makes you more stealthy.
 B - the +5 broad axe of Pandemonium {venom, rF+++ rC- rN+}
   (Okawaru gifted it to you on level 3 of the Vaults)

   rF:        It renders you almost immune to fire.
   rC:        It makes you vulnerable to cold.
   rN:        It protects you from negative energy.
 J - a +4 broad axe
Missiles
 l - 13 boomerangs
 z - 4 javelins
 H - 6 silver javelins (quivered)
Armour
 e - a +2 helmet of intelligence (worn)
 h - the +2 leather armour of Keanititad {rC+++ rCorr Str+2 Dex-4}
   (You found it on level 1 of the Shoals)

   Str:       It affects your strength (+2).
   Dex:       It affects your dexterity (-4).
   rC:        It renders you almost immune to cold.
   rCorr:     It protects you from acid and corrosion.
 m - a +2 pair of gloves of infusion (worn)
 u - the +0 pair of boots of Existentialism (worn) {Regen+}
   (You found it on level 6 of the Dungeon)

   Regen:     It increases your rate of health regeneration.
 v - a +2 cloak
 A - the -1 cloak "Recaulis" (worn) {SInv}
   (You bought it in a shop on level 15 of the Dungeon)

   SInv:      It lets you see invisible.
 D - a +9 plate armour (worn)
 E - +4 fire dragon scales {Xtahua}
 F - a +0 tower shield (worn)
 I - the +1 hat "Susoimue" {rC- Str+3 Dex+10 Stlth-}
   (You found it on level 4 of the Spider Nest)

   Str:       It affects your strength (+3).
   Dex:       It affects your dexterity (+10).
   rC:        It makes you vulnerable to cold.
   Stlth:     It makes you less stealthy.
Jewellery
 j - a +5 ring of evasion (left hand)
 q - an amulet of reflection (around neck)
 s - a ring of ice
 w - a +6 ring of strength (right hand)
 y - a ring of protection from cold
Wands
 p - a wand of digging (23)
Scrolls
 f - 8 scrolls of identify
 g - 7 scrolls of teleportation
 C - 5 scrolls of enchant weapon
Potions
 a - 6 potions of lignification
 b - 6 potions of haste
 c - 4 potions of magic
 d - 8 potions of might
 i - 6 potions of cancellation
 k - 13 potions of curing
 n - 3 potions of heal wounds
 r - 3 potions of resistance
 t - 7 potions of mutation
 x - 6 potions of attraction

Dungeon Overview and Level Annotations

Branches:
Dungeon (15/15)            Temple (1/1) D:5            Lair (5/5) D:11
 Shoals (4/4) Lair:3       Spider (4/4) Lair:2        Slime (0/5) Lair:5
    Orc (2/2) D:11            Elf (0/3) Orc:2        Vaults (5/5) D:14
  Crypt (0/3) Vaults:3     Depths (4/4) D:15            Zot (0/5) Depths:4

Altars:
Ashenzari
Cheibriados
Dithmenos
Elyvilon
Fedhas
Gozag
Hepliaklqana
Kikubaaqudgha
Makhleb
Nemelex Xobeh
Okawaru
Qazlal
Ru
Sif Muna
Trog
Uskayaw
Vehumet
Wu Jian
Xom
Yredelemnul
Zin
The Shining One
Jiyva

Shops:
D:6 [   D:13 =   D:15 [   Orc:1 *   Orc:2 !((!   Shoals:1 ![(*[   Vaults:1 [
Depths:4 (:!

Portals:
Hell: Depths:1 Depths:2 Depths:3 Depths:4
Abyss: Depths:1 Depths:2 Depths:3 Depths:4
Pandemonium: Depths:1 Depths:2 Depths:4
Ziggurat: Depths:3
Trove: Vaults:3 (show slimy rune of Zot)

Annotations:
D:9 3 runed translucent doors
D:15 exclusion: obsidian statue
Lair:2 exclusion: 2 orb spiders
Spider:3 2 transporters
Vaults:1 2 transporters
Vaults:5 Sojobo
Depths:3 2 transporters
Depths:4 3 transporters


Message History

You slash the stone giant!
The stone giant is almost dead.
You miss the anaconda. You hit the ironbound convoker.
The ironbound convoker's magic leaks into the air.
You closely miss the vault warden. The anaconda grabs you.
The anaconda bites you but does no damage.
The anaconda constricts you.
You block the ironbound convoker's attack.
The stone giant barely misses you.
The vault warden hits you with a +0 battleaxe!!
You miss the anaconda. You slice the ironbound convoker!!
The ironbound convoker's magic leaks into the air.
You hit the shadow dragon but do no damage.
You slash the vault warden!
The vault warden's magic leaks into the air.
You hit the stone giant. You block the anaconda's attack.
The anaconda constricts you.
You barely miss the anaconda. You slash the ironbound convoker!
The ironbound convoker's magic leaks into the air.
You slash the shadow dragon! You closely miss the vault warden.
You hit the stone giant. You block the anaconda's attack.
The anaconda constricts you.
A lich comes into view.
The vault warden closely misses you. You block the stone giant's attack.
The shadow dragon breathes negative energy at you.
The bolt of negative energy hits you!! You partially resist.
You feel drained.
You block the ironbound convoker's attack.
The anaconda bites you but does no damage.
The anaconda constricts you.
55373 ||| READING 8 scrolls of teleportation.
As you read the scroll of teleportation, it crumbles to dust.
You feel strangely unstable. You block the anaconda's attack.
The anaconda constricts you.
The vault warden hits you with a +0 battleaxe!!
The stone giant hits you. You block the shadow dragon's attack.
The shadow dragon claws you but does no damage.
You block the shadow dragon's attack.
The ironbound convoker hits you with a +0 mace!
You die...

. .. ... .
..
...#.####
........###
#..p@C.#
#..DpS..#
#.......#
#........#
#........#
#.####...#
#. ##L$
#....#. #)#
#....#


You could see a shadow dragon (catching breath), a stone giant, a vault warden
(strong, magic disrupted), a lich, an anaconda shaped shifter and an ironbound
convoker (magic disrupted).

Vanquished Creatures
  An ancient lich (Depths:2)
  Mara (Shoals:4)
  Bai Suzhen (Vaults:3)
  Xtahua (Depths:4)
  Nikola (Spider:1)
  Arachne (Spider:4)
  Mlioglotl (Shoals:2)
  Zenata (Vaults:4)
  Jorgrun (Orc:2)
  Asterion (Spider:1)
  A quicksilver dragon (Abyss:3)
  A kraken (Shoals:3)
  2 titans
  4 tentacled starspawn
  4 acid blobs (Depths:3)
  A sphinx (Depths:4)
  Gastronok (Lair:1)
  5 tengu reavers
  An Executioner (Abyss:3)
  Roxanne (Spider:1)
  2 storm dragons
  A fire giant (Depths:3)
  A draconian monk (Depths:4)
  3 azure jellies (Depths:3)
  4 shadow dragons
  Kirke (Lair:4)
  Ilsuiw (Shoals:2)
  5 frost giants
  Louise (Spider:3)
  4 emperor scorpions
  3 iron dragons
  A spectral caustic shrike (Depths:2)
  13 vault wardens
  2 spectral juggernauts (Depths:2)
  A deep elf sorcerer (Depths:3)
  2 orc warlords (Vaults:4)
  Aizul (Shoals:2)
  4 quicksilver oozes (Depths:3)
  2 formless jellyfish (Vaults:2)
  17 ironbound preservers
  A draconian stormcaller (Depths:4)
  29 very ugly things
  A draconian shifter (Depths:4)
  5 ghost moths
  16 stone giants
  2 war gargoyles (Depths:2)
  3 vampire knights
  7 ironbound thunderhulks
  3 broodmothers (Spider:4)
  A spectral titan (Depths:2)
  2 black draconians (Depths:4)
  A green draconian (Depths:4)
  A yellow draconian (Depths:4)
  Azrael (Spider:3)
  2 purple draconians (Depths:4)
  A minotaur (shapeshifter) (Vaults:4)
  15 spark wasps
  3 crystal guardians (Vaults:4)
  4 deep elf death magi
  A spectral quicksilver dragon (Depths:2)
  2 eidola (Depths:2)
  8 ettins
  10 merfolk impalers
  2 spectral golden dragons (Depths:2)
  5 entropy weavers
  6 merfolk javelineers
  8 fire dragons
  A jiangshi (Abyss:3)
  Fannar (Lair:2)
  5 spectral spriggans (Depths:2)
  11 yaktaur captains
  9 great orbs of eyes
  2 spriggan air magi
  A spectral shadow dragon (Depths:2)
  2 peacekeepers (Vaults:4)
  A caustic shrike simulacrum (Depths:2)
  6 hydras
  An ogre mage (D:15)
  A juggernaut simulacrum (Depths:2)
  8 ice dragons
  3 merfolk avatars
  5 ironbound frosthearts
  A rakshasa (Depths:2)
  A spectral tengu (Depths:2)
  Erica (D:11)
  46 vault guards
  3 catoblepae (Lair:5)
  5 jorogumos
  15 centaur warriors
  4 radroaches
  A dancing weapon (Abyss:2)
  7 merfolk aquamancers
  3 spectral frost giants (Depths:2)
  A spectral sphinx (Depths:2)
  10 two-headed ogres
  2 spectral fire giants (Depths:2)
  2 alligator snapping turtles
  6 tengu warriors
  5 boulder beetles
  6 demonic crawlers
  8 death yaks (Lair:5)
  3 deep troll earth magi
  4 spriggan berserkers
  6 vampire magi
  A thrashing horror (Abyss:2)
  Nergalle (Lair:1)
  A spectral storm dragon (Depths:2)
  A sun demon (Depths:4)
  8 hell knights
  A wretched star (Abyss:3)
  3 soul eaters (Depths:2)
  3 spriggans (Depths:4)
  5 iron trolls
  2 spectral spark wasps (Depths:2)
  4 pharaoh ants
  A death drake (Depths:2)
  A sixfirhy (Depths:4)
  5 skysharks
  3 skeletal warriors (D:12)
  4 sun moths
  59 deep trolls
  7 sea snakes
  A death drake (shapeshifter) (D:14)
  A storm dragon skeleton (Depths:2)
  7 glowing orange brains
  A quicksilver dragon simulacrum (Depths:2)
  A shadow demon (Depths:4)
  9 orc knights
  10 orb spiders
  5 flayed ghosts
  2 orange crystal statues (Depths:2)
  A golden dragon skeleton (Depths:2)
  3 spriggan simulacra (Depths:2)
  8 ironbound convokers
  7 wizards
  A tengu zombie (Vaults:1)
  7 phantasmal warriors
  2 necromancers
  9 steelbarb worms
  A spectral iron dragon (Depths:2)
  17 wolf spiders
  14 harpies
  8 large abominations
  6 lindwurms
  2 starcursed masses (Abyss:3)
  A spectral ettin (Depths:2)
  52 ugly things
  3 deep elf pyromancers
  18 manticores
  A shining eye (Depths:3)
  6 cyclopes
  A will-o-the-wisp (Abyss:2)
  8 fauns
  13 elephants
  A salamander (shapeshifter) (Vaults:1)
  19 merfolk sirens
  Joseph (D:8)
  2 black mambas
  3 smoke demons
  7 water nymphs
  A storm dragon simulacrum (Depths:2)
  2 titan simulacra (Depths:2)
  17 vault sentinels
  4 torpor snails
  A gargoyle (D:11)
  4 unseen horrors (Depths:1)
  Maggie (D:10)
  18 cane toads
  14 yaktaurs
  A freezing wraith (Abyss:3)
  12 komodo dragons
  A rime drake (Lair:4)
  7 tengu conjurers
  4 golden dragon simulacra (Depths:2)
  An ancient zyme (Abyss:3)
  4 spectral glowing shapeshifters (Depths:2)
  6 trolls
  A shadow dragon simulacrum (Depths:2)
  37 merfolk
  A tarantella (shapeshifter) (Vaults:4)
  3 meliai (Spider:2)
  25 tarantellas
  2 sphinx simulacra (Depths:2)
  A polar bear (Lair:2)
  6 wind drakes
  6 hornets
  9 blink frogs
  Prince Ribbit (D:9)
  A raiju (Abyss:3)
  A stone giant simulacrum (Vaults:1)
  14 snapping turtles
  7 dream sheep (Lair:1)
  A snapping turtle (shapeshifter) (Vaults:1)
  An ettin zombie (Vaults:1)
  27 slime creatures
  2 vampires (D:11)
  22 culicivoras
  33 jumping spiders
  A shadow (D:11)
  21 water elementals
  Sigmund (D:5)
  2 hogs (Lair:4)
  4 wraiths
  3 fire elementals (Spider:3)
  53 yaks
  5 basilisks
  2 golden eyes (Depths:3)
  3 humans (Lair:4)
  7 wyverns
  6 vampire mosquitoes
  62 redbacks
  4 chaos spawn (Depths:1)
  Grum (D:11)
  4 steam dragons
  2 death yak simulacra (Lair:5)
  Edmund (D:6)
  A naga (shapeshifter) (D:13)
  A warg (Orc:1)
  3 floating eyes
  4 hell hounds (Spider:3)
  19 water moccasins
  3 acid dragons
  4 sky beasts
  2 human zombies (Vaults:1)
  A black bear (Lair:2)
  30 orc warriors
  An ice beast (D:7)
  A boggart (Vaults:1)
  6 wolves
  10 ogres
  21 centaurs
  A phantom (D:4)
  A kobold brigand (D:6)
  A scorpion (D:5)
  16 bullfrogs
  6 small abominations
  2 glowing shapeshifter simulacra (Depths:2)
  A cane toad simulacrum (Lair:5)
  A gnoll sergeant (D:8)
  17 wights
  3 killer bees (D:11)
  An elephant simulacrum (Lair:5)
  3 howler monkeys
  5 hounds
  8 orc priests
  A gnoll bouda (D:8)
  2 jellies
  4 iguanas
  3 hell rats (Lair:3)
  18 orc wizards
  Ijyb (D:5)
  A polar bear simulacrum (Lair:5)
  A wolf simulacrum (Lair:5)
  14 adders
  3 gnolls (D:8)
  13 river rats (Lair:3)
  2 white imps
  2 ufetubi
  A worm (D:2)
  69 orcs
  7 endoplasms
  5 giant cockroaches
  2 goblins
  4 hobgoblins
  11 quokkas
  7 ball pythons
  3 bats
  A frilled lizard (D:1)
  7 kobolds
  16 rats
  A fire vortex (D:14)
  A lurking horror (Abyss:3)
  2 spectral weapons (Spider:1)
  4 starspawn tentacles (Abyss:3)
  2 tentacles (Shoals:3)
1668 creatures vanquished.

Vanquished Creatures (others)
  A vault guard (Vaults:5)
  A manticore (Shoals:4)
  9 starspawn tentacles
  2 tentacles (Shoals:3)
13 creatures vanquished.

Grand Total: 1681 creatures vanquished

Notes
Turn   | Place    | Note
-------+----------+-------------------------------------------
     0 | D:1      | qw the Gargoyle Fighter began the quest for the Orb.
     0 | D:1      | Reached XP level 1. HP: 14/14 MP: 1/1
     0 | D:1      | 0 ||| qw: Version: 0.2-a-29-gc1b59c4
     0 | D:1      | 0 ||| qw: Game counter: 4396
     0 | D:1      | 0 ||| qw: Always use a shield: true
     0 | D:1      | 0 ||| qw: God list: Okawaru
     0 | D:1      | 0 ||| qw: Allow faded altars: false
     0 | D:1      | 0 ||| qw: Do Orc after D:15 true
     0 | D:1      | 0 ||| qw: Do second Lair branch before Depths: true
     0 | D:1      | 0 ||| qw: Lair rune preference: random
     0 | D:1      | 0 ||| qw: Plans: Normal, Zot:1-4, Slime:5, God:TSO, Crypt,
                  | Tomb, Abyss, Pan, Hells, Win
     0 | D:1      | 0 ||| PLANNING D:1-11
   252 | D:1      | Reached XP level 2. HP: 19/19 MP: 2/2
   744 | D:1      | 744 ||| READING scroll labelled JIN DUPHICS.
   845 | D:1      | 845 ||| READING 3 scrolls labelled JIESEXIXUO.
   846 | D:1      | 846 ||| READING 3 scrolls labelled REOSEZALAU.
   850 | D:1      | 850 ||| READING scroll labelled GITSANU DUBOJIQI.
   888 | D:2      | Reached skill level 3 in Axes
   920 | D:2      | Reached XP level 3. HP: 23/23 MP: 3/3
  1118 | D:2      | Found a faded altar of an unknown god.
  1349 | D:2      | Identified the +4 dagger of Sunoe {flame, rC+ Int+3 SInv}
  1358 | D:2      | Reached XP level 4. HP: 28/28 MP: 4/4
  1438 | D:2      | 1438 ||| UPGRADING to +5 ring of evasion.
  1439 | D:2      | 1439 ||| READING 3 scrolls of identify.
  1439 | D:2      | 1439 ||| IDENTIFYING orange potion
  1440 | D:2      | 1440 ||| READING 2 scrolls of identify.
  1440 | D:2      | 1440 ||| IDENTIFYING sedimented black potion
  1441 | D:2      | 1441 ||| DROPPING potion of enlightenment.
  1462 | D:3      | 1462 ||| DROPPING +0 club.
  1634 | D:3      | Found a sparkling altar of Nemelex Xobeh.
  1696 | D:3      | 1696 ||| Stepping ~*~*~tactically~*~*~ (hiding).
  1918 | D:3      | 1918 ||| Stepping ~*~*~tactically~*~*~ (stealth).
  1919 | D:3      | 1919 ||| Stepping ~*~*~tactically~*~*~ (stealth).
  1938 | D:3      | 1938 ||| DROPPING +0 whip.
  1991 | D:3      | 1991 ||| UPGRADING to amulet of the acrobat.
  1996 | D:3      | 1996 ||| DROPPING ring of wizardry.
  1997 | D:3      | 1997 ||| DRINKING 2 golden potions.
  2003 | D:3      | 2003 ||| READING 2 scrolls of identify.
  2003 | D:3      | 2003 ||| IDENTIFYING bubbling black potion
  2004 | D:3      | 2004 ||| DROPPING potion of ambrosia.
  2031 | D:4      | 2031 ||| STAIRDANCE
  2046 | D:4      | 2046 ||| STAIRDANCE
  2052 | D:3      | Reached XP level 5. HP: 25/32 MP: 5/5
  2281 | D:4      | 2281 ||| Stepping ~*~*~tactically~*~*~ (stealth).
  2591 | D:4      | Reached skill level 4 in Fighting
  2600 | D:4      | Reached XP level 6. HP: 37/38 MP: 6/6
  2606 | D:4      | Reached skill level 1 in Dodging
  2617 | D:4      | 2617 ||| FLEEEEING.
  2618 | D:4      | 2618 ||| FLEEEEING.
  2619 | D:4      | 2619 ||| FLEEEEING.
  2626 | D:4      | 2626 ||| FLEEEEING.
  2627 | D:4      | 2627 ||| FLEEEEING.
  2628 | D:4      | 2628 ||| FLEEEEING.
  2629 | D:4      | 2629 ||| FLEEEEING.
  2869 | D:4      | 2869 ||| DROPPING +6 ring of intelligence.
  2870 | D:4      | 2870 ||| READING scroll labelled TUEGUA REBBI.
  2925 | D:5      | Entered Level 5 of the Dungeon
  2927 | D:5      | Noticed a water moccasin
  2942 | D:5      | Killed a water moccasin
  2943 | D:5      | Reached skill level 6 in Axes
  2943 | D:5      | Reached XP level 7. HP: 26/43 MP: 7/7
  3038 | D:5      | Noticed Sigmund
  3039 | D:5      | 3039 ||| Stepping ~*~*~tactically~*~*~ (hiding).
  3063 | D:5      | Killed Sigmund
  3285 | D:5      | Noticed Ijyb
  3295 | D:5      | Killed Ijyb
  3325 | D:5      | 3325 ||| Stepping ~*~*~tactically~*~*~ (stealth).
  3336 | D:5      | Reached skill level 5 in Fighting
  3364 | D:5      | Found a staircase to the Ecumenical Temple.
  3365 | D:5      | 3365 ||| PLANNING TEMPLE
  3365 | D:5      | 3365 ||| UPGRADING to +0 pair of boots.
  3370 | D:5      | 3370 ||| READING scroll labelled WIOZXE KEIDGHEGRA.
  3371 | D:5      | 3371 ||| READING scroll labelled GUMOIM PUSIMACH.
  3379 | D:5      | Reached XP level 8. HP: 50/50 MP: 8/8
  3386 | Temple   | Entered the Ecumenical Temple
  3426 | Temple   | 3426 ||| PLANNING D:1-11
  3448 | D:5      | 3448 ||| Stepping ~*~*~tactically~*~*~ (stealth).
  3452 | D:5      | 3452 ||| READING 2 scrolls of identify.
  3452 | D:5      | 3452 ||| IDENTIFYING pink potion
  3686 | D:5      | 3686 ||| Stepping ~*~*~tactically~*~*~ (stealth).
  3823 | D:5      | 3823 ||| UPGRADING to +0 cloak.
  3865 | D:6      | 3865 ||| STAIRDANCE
  3876 | D:5      | HP: 10/50 [wight/+0 short sword (4)]
  3877 | D:5      | 3877 ||| READING 5 scrolls of teleportation.
  4073 | D:6      | 4073 ||| STAIRDANCE
  4087 | D:5      | Reached skill level 6 in Fighting
  4230 | D:6      | 4230 ||| Stepping ~*~*~tactically~*~*~ (hiding).
  4233 | D:6      | 4233 ||| Stepping ~*~*~tactically~*~*~ (hiding).
  4250 | D:6      | 4250 ||| Stepping ~*~*~tactically~*~*~ (hiding).
  4383 | D:6      | Reached skill level 9 in Axes
  4419 | D:6      | Noticed Edmund
  4440 | D:6      | Killed Edmund
  4441 | D:6      | Reached XP level 9. HP: 42/55 MP: 9/9
  4509 | D:6      | 4509 ||| FLEEEEING.
  4510 | D:6      | 4510 ||| FLEEEEING.
  4511 | D:6      | 4511 ||| FLEEEEING.
  4512 | D:6      | 4512 ||| FLEEEEING.
  4513 | D:6      | 4513 ||| DRINKING 3 potions of curing.
  4513 | D:6      | 4513 ||| (to cure confusion)
  4547 | D:6      | Identified the +0 pair of boots of Existentialism {Regen+}
  4640 | D:6      | 4640 ||| Stepping ~*~*~tactically~*~*~ (stealth).
  4653 | D:6      | Reached skill level 7 in Fighting
  4735 | D:6      | Found an iron altar of Okawaru.
  4736 | D:6      | 4736 ||| PLANNING OKAWARU WORSHIP
  4740 | D:6      | 4740 ||| Stepping ~*~*~tactically~*~*~ (stealth).
  4742 | D:6      | 4742 ||| Stepping ~*~*~tactically~*~*~ (stealth).
  4787 | D:6      | 4787 ||| DROPPING +2 robe of cold resistance.
  4788 | D:6      | 4788 ||| UPGRADING to +0 chain mail.
  4798 | D:6      | 4798 ||| DROPPING +0 scale mail.
  4799 | D:6      | 4799 ||| UPGRADING to +0 pair of boots of Existentialism
                  | {Regen+}.
  4809 | D:6      | 4809 ||| DROPPING +0 pair of boots.
  4810 | D:6      | 4810 ||| READING 3 scrolls labelled KUROMM UKOI.
  4811 | D:6      | 4811 ||| READING 3 scrolls labelled WIOZIWN ARAR.
  4812 | D:6      | 4812 ||| READING 2 scrolls of identify.
  4812 | D:6      | 4812 ||| IDENTIFYING sapphire potion
  4813 | D:6      | 4813 ||| DROPPING 2 scrolls of butterflies.
  4814 | D:6      | 4814 ||| DROPPING 2 scrolls of poison.
  4833 | D:6      | Became a worshipper of Warmaster Okawaru
  4833 | D:6      | 4833 ||| PLANNING D:1-11
  4862 | D:6      | Found Rerherghe's Armour Shop.
  4895 | D:6      | 4895 ||| BUYING +0 helmet (63 gold).
  4895 | D:6      | Bought a +0 helmet for 63 gold pieces
  4895 | D:6      | 4895 ||| SHOPLISTING +4 plate armour of poison resistance
                  | (658 gold, have 188).
  5100 | D:6      | 5100 ||| UPGRADING to +0 helmet.
  5105 | D:6      | 5105 ||| READING scroll labelled KODIUCS XEILE.
  5153 | D:7      | 5153 ||| Stepping ~*~*~tactically~*~*~ (hiding).
  5200 | D:7      | HP: 13/57 [steam dragon/ball of steam (27)]
  5201 | D:7      | 5201 ||| READING 5 scrolls of teleportation.
  5201 | D:7      | HP: 5/57 [orc warrior/+0 glaive (9)]
  5202 | D:7      | 5202 ||| DRINKING potion of heal wounds.
  5469 | D:7      | 5469 ||| Stepping ~*~*~tactically~*~*~ (hiding).
  5471 | D:7      | 5471 ||| Stepping ~*~*~tactically~*~*~ (hiding).
  5516 | D:7      | 5516 ||| FLEEEEING.
  5517 | D:7      | 5517 ||| FLEEEEING.
  5518 | D:7      | 5518 ||| FLEEEEING.
  5523 | D:7      | 5523 ||| Stepping ~*~*~tactically~*~*~ (hiding).
  5532 | D:7      | 5532 ||| Stepping ~*~*~tactically~*~*~ (cloud).
  5568 | D:7      | Found a glowing silver altar of Zin.
  5576 | D:7      | 5576 ||| Stepping ~*~*~tactically~*~*~ (stealth).
  5581 | D:7      | 5581 ||| Stepping ~*~*~tactically~*~*~ (stealth).
  5582 | D:7      | 5582 ||| Stepping ~*~*~tactically~*~*~ (stealth).
  5721 | D:7      | Reached * piety under Okawaru
  5950 | D:7      | 5950 ||| UPGRADING to amulet of regeneration.
  5960 | D:7      | 5960 ||| DROPPING amulet of the acrobat.
  5961 | D:7      | 5961 ||| READING scroll labelled VACASI MOESM.
  5962 | D:7      | 5962 ||| DROPPING +1 flail of holy wrath.
  5963 | D:7      | 5963 ||| READING scroll labelled QOR JEJUFESONO.
  5964 | D:7      | 5964 ||| READING 2 scrolls of identify.
  5964 | D:7      | 5964 ||| IDENTIFYING amethyst potion
  5965 | D:7      | 5965 ||| DROPPING potion of brilliance.
  5985 | D:8      | 5985 ||| STAIRDANCE
  5987 | D:7      | 5987 ||| INVOKING Heroism.
  5989 | D:7      | Reached skill level 1 in Invocations
  6016 | D:7      | 6016 ||| SWAPPING to +3 war axe of freezing.
  6025 | D:8      | 6025 ||| Stepping ~*~*~tactically~*~*~ (hiding).
  6028 | D:8      | 6028 ||| INVOKING Heroism.
  6046 | D:8      | Reached XP level 10. HP: 63/63 MP: 9/12
  6070 | D:8      | Reached skill level 3 in Invocations
  6096 | D:8      | 6096 ||| INVOKING Heroism.
  6098 | D:8      | Reached skill level 6 in Armour
  6124 | D:8      | 6124 ||| INVOKING Heroism.
  6133 | D:8      | Reached skill level 8 in Fighting
  6196 | D:8      | 6196 ||| Stepping ~*~*~tactically~*~*~ (stealth).
  6240 | D:8      | Noticed Joseph
  6242 | D:8      | Reached ** piety under Okawaru
  6257 | D:8      | Killed Joseph
  6292 | D:8      | 6292 ||| FLEEEEING.
  6293 | D:8      | 6293 ||| FLEEEEING.
  6294 | D:8      | 6294 ||| FLEEEEING.
  6295 | D:8      | 6295 ||| FLEEEEING.
  6415 | D:8      | 6415 ||| Stepping ~*~*~tactically~*~*~ (hiding).
  6419 | D:8      | 6419 ||| INVOKING Heroism.
  6425 | D:8      | 6425 ||| Stepping ~*~*~tactically~*~*~ (cloud).
  6476 | D:8      | Identified the +3 sling of the Beloved God {flame, rF+ rC+}
  6562 | D:8      | 6562 ||| UPGRADING to +4 ring of slaying {mikee}.
  6563 | D:8      | 6563 ||| READING scroll labelled UCUAROLLASM.
  6620 | D:9      | Found a broken altar of Ashenzari.
  6620 | D:9      | Found a burning altar of Makhleb.
  6628 | D:9      | Found a stormy altar of Qazlal.
  6639 | D:9      | Found a snail-covered altar of Cheibriados.
  6641 | D:9      | Found a hide-covered altar of Uskayaw.
  6646 | D:9      | Found an ornate altar of the Wu Jian Council.
  6647 | D:9      | 6647 ||| Stepping ~*~*~tactically~*~*~ (stealth).
  6658 | D:9      | 6658 ||| INVOKING Heroism.
  6688 | D:9      | Noticed Prince Ribbit
  6707 | D:9      | Killed Prince Ribbit
  6735 | D:9      | 6735 ||| INVOKING Heroism.
  6795 | D:9      | 6795 ||| Stepping ~*~*~tactically~*~*~ (hiding).
  6798 | D:9      | 6798 ||| INVOKING Heroism.
  6799 | D:9      | 6799 ||| Stepping ~*~*~tactically~*~*~ (cloud).
  6806 | D:9      | Reached skill level 9 in Fighting
  6920 | D:9      | Noticed a two-headed ogre
  6921 | D:9      | 6921 ||| INVOKING Heroism.
  6932 | D:9      | Killed a two-headed ogre
  6932 | D:9      | Reached *** piety under Okawaru
  6933 | D:9      | Reached XP level 11. HP: 71/71 MP: 12/14
  6953 | D:9      | 6953 ||| INVOKING Heroism.
  7061 | D:9      | Found a runed translucent gate.
  7062 | D:9      | Found a runed translucent gate.
  7063 | D:9      | Found a runed translucent gate.
  7064 | D:9      | Noticed a cyan ugly thing
  7064 | D:9      | Noticed a white ugly thing
  7064 | D:9      | Noticed a red ugly thing
  7064 | D:9      | Noticed a brown ugly thing
  7065 | D:9      | Noticed a white ugly thing
  7068 | D:9      | Noticed a green ugly thing
  7102 | D:10     | Entered Level 10 of the Dungeon
  7130 | D:10     | Found a flagged portal.
  7158 | D:10     | 7158 ||| INVOKING Heroism.
  7165 | D:10     | Reached skill level 1 in Throwing
  7178 | D:10     | Noticed a two-headed ogre
  7179 | D:10     | 7179 ||| Stepping ~*~*~tactically~*~*~ (hiding).
  7181 | D:10     | 7181 ||| INVOKING Heroism.
  7185 | D:10     | Killed a two-headed ogre
  7317 | D:10     | Reached skill level 12 in Axes
  7580 | D:10     | Noticed Maggie
  7583 | D:10     | 7583 ||| FLEEEEING.
  7584 | D:10     | 7584 ||| FLEEEEING.
  7585 | D:10     | 7585 ||| FLEEEEING.
  7586 | D:10     | 7586 ||| FLEEEEING.
  7587 | D:10     | 7587 ||| STAIRDANCE
  7653 | D:9      | 7653 ||| UPGRADING to +0 plate armour.
  7663 | D:9      | 7663 ||| DROPPING +0 chain mail.
  7697 | D:10     | Reached **** piety under Okawaru
  7982 | D:10     | 7982 ||| Stepping ~*~*~tactically~*~*~ (hiding).
  7993 | D:10     | Killed Maggie
  7993 | D:10     | Received a gift from Okawaru
  8089 | D:10     | 8089 ||| UPGRADING to amulet of reflection.
  8099 | D:10     | 8099 ||| DROPPING amulet of regeneration.
  8119 | D:11     | 8119 ||| Stepping ~*~*~tactically~*~*~ (hiding).
  8124 | D:11     | Noticed a centaur warrior
  8130 | D:11     | 8130 ||| INVOKING Heroism.
  8132 | D:11     | Killed a centaur warrior
  8132 | D:11     | Received a gift from Okawaru
  8204 | D:11     | 8204 ||| Stepping ~*~*~tactically~*~*~ (stealth).
  8211 | D:11     | Reached skill level 6 in Invocations
  8223 | D:11     | Noticed a two-headed ogre
  8224 | D:11     | 8224 ||| INVOKING Heroism.
  8229 | D:11     | Reached skill level 9 in Armour
  8232 | D:11     | Killed a two-headed ogre
  8232 | D:11     | Received a gift from Okawaru
  8233 | D:11     | Reached skill level 6 in Shields
  8237 | D:11     | Reached XP level 12. HP: 76/76 MP: 14/17
  8299 | D:11     | Found a staircase to the Orcish Mines.
  8319 | D:11     | 8319 ||| INVOKING Heroism.
  8354 | D:11     | 8354 ||| Stepping ~*~*~tactically~*~*~ (stealth).
  8355 | D:11     | 8355 ||| Stepping ~*~*~tactically~*~*~ (stealth).
  8386 | D:11     | Found a staircase to the Lair.
  8394 | D:11     | 8394 ||| Stepping ~*~*~tactically~*~*~ (hiding).
  8396 | D:11     | 8396 ||| Stepping ~*~*~tactically~*~*~ (hiding).
  8576 | D:11     | Noticed Erica
  8577 | D:11     | 8577 ||| INVOKING Heroism.
  8582 | D:11     | Killed Erica
  8582 | D:11     | Reached ***** piety under Okawaru
  8583 | D:11     | Reached skill level 3 in Throwing
  8656 | D:11     | 8656 ||| Stepping ~*~*~tactically~*~*~ (stealth).
  8666 | D:11     | Noticed Grum
  8667 | D:11     | 8667 ||| Stepping ~*~*~tactically~*~*~ (hiding).
  8669 | D:11     | 8669 ||| INVOKING Heroism.
  8678 | D:11     | Killed Grum
  8878 | D:11     | 8878 ||| PLANNING LAIR
  8878 | D:11     | 8878 ||| DRINKING 2 lumpy sapphire potions.
  8878 | D:11     | Gained mutation: You are agile. (Dex +4, Str/Int -1)
                  | [potion of mutation]
  8878 | D:11     | Gained mutation: Your spells are a little easier to cast,
                  | but a little less powerful. [potion of mutation]
  8903 | Lair:1   | Entered Level 1 of the Lair of Beasts
  8923 | Lair:1   | 8923 ||| Stepping ~*~*~tactically~*~*~ (stealth).
  8930 | Lair:1   | Reached skill level 9 in Invocations
  8933 | Lair:1   | Reached skill level 10 in Fighting
  8999 | Lair:1   | Noticed Nergalle
  9000 | Lair:1   | 9000 ||| INVOKING Heroism.
  9015 | Lair:1   | Killed Nergalle
  9058 | Lair:1   | Noticed Gastronok
  9059 | Lair:1   | 9059 ||| Stepping ~*~*~tactically~*~*~ (stealth).
  9061 | Lair:1   | 9061 ||| Stepping ~*~*~tactically~*~*~ (hiding).
  9065 | Lair:1   | 9065 ||| Stepping ~*~*~tactically~*~*~ (hiding).
  9067 | Lair:1   | 9067 ||| Stepping ~*~*~tactically~*~*~ (hiding).
  9069 | Lair:1   | 9069 ||| Stepping ~*~*~tactically~*~*~ (hiding).
  9071 | Lair:1   | 9071 ||| INVOKING Heroism.
  9093 | Lair:1   | Killed Gastronok
  9093 | Lair:1   | Received a gift from Okawaru
  9102 | Lair:1   | You fall into a shaft and drop 1 floor!
  9173 | Lair:2   | 9173 ||| Stepping ~*~*~tactically~*~*~ (stealth).
  9174 | Lair:2   | 9174 ||| Stepping ~*~*~tactically~*~*~ (stealth).
  9176 | Lair:2   | 9176 ||| Stepping ~*~*~tactically~*~*~ (stealth).
  9178 | Lair:2   | 9178 ||| Stepping ~*~*~tactically~*~*~ (stealth).
  9197 | Lair:2   | Received a gift from Okawaru
  9198 | Lair:2   | Reached skill level 3 in Dodging
  9198 | Lair:2   | Reached XP level 13. HP: 82/82 MP: 20/20
  9222 | Lair:2   | 9222 ||| UPGRADING to +1 pair of gloves of infusion.
  9227 | Lair:2   | 9227 ||| DRINKING 2 green potions.
  9415 | Lair:1   | 9415 ||| Stepping ~*~*~tactically~*~*~ (stealth).
  9658 | Lair:1   | 9658 ||| Stepping ~*~*~tactically~*~*~ (stealth).
  9659 | Lair:1   | 9659 ||| Stepping ~*~*~tactically~*~*~ (stealth).
  9660 | Lair:1   | 9660 ||| Stepping ~*~*~tactically~*~*~ (stealth).
  9668 | Lair:1   | 9668 ||| Stepping ~*~*~tactically~*~*~ (stealth).
  9669 | Lair:1   | 9669 ||| Stepping ~*~*~tactically~*~*~ (stealth).
  9716 | Lair:1   | 9716 ||| Stepping ~*~*~tactically~*~*~ (stealth).
  9947 | Lair:1   | 9947 ||| INVOKING Heroism.
 10201 | Lair:2   | Found a hole to the Spider Nest.
 10202 | Lair:2   | 10202 ||| INVOKING Finesse.
 10227 | Lair:2   | 10227 ||| Stepping ~*~*~tactically~*~*~ (stealth).
 10353 | Lair:3   | 10353 ||| PLANNING GAUNTLET
 10355 | Lair:3   | 10355 ||| Stepping ~*~*~tactically~*~*~ (stealth).
 10444 | Lair:3   | 10444 ||| Stepping ~*~*~tactically~*~*~ (stealth).
 10523 | Lair:3   | 10523 ||| INVOKING Heroism.
 10657 | Lair:3   | 10657 ||| INVOKING Heroism.
 10689 | Lair:3   | 10689 ||| INVOKING Heroism.
 10718 | Lair:3   | 10718 ||| INVOKING Heroism.
 10760 | Lair:3   | 10760 ||| Stepping ~*~*~tactically~*~*~ (stealth).
 10929 | Lair:3   | 10929 ||| RIP GAUNTLET
 11010 | Lair:3   | 11010 ||| PLANNING LAIR
 11010 | Lair:3   | 11010 ||| Stepping ~*~*~tactically~*~*~ (stealth).
 11178 | Lair:3   | 11178 ||| INVOKING Heroism.
 11277 | Lair:3   | Found a staircase to the Shoals.
 11460 | Lair:3   | 11460 ||| READING scroll labelled QULIPE DUAK.
 11490 | Lair:2   | 11490 ||| Stepping ~*~*~tactically~*~*~ (hiding).
 11491 | Lair:2   | 11491 ||| INVOKING Heroism.
 11620 | Lair:2   | 11620 ||| INVOKING Heroism.
 11624 | Lair:2   | 11624 ||| SWAPPING to +0 war axe of flaming.
 11630 | Lair:2   | 11630 ||| SWAPPING to +3 war axe of freezing.
 11781 | Lair:2   | Noticed Fannar
 11809 | Lair:2   | Killed Fannar
 11983 | Lair:2   | 11983 ||| READING scroll of enchant armour.
 11983 | Lair:2   | 11983 ||| ENCHANTING +1 pair of gloves of infusion.
 12308 | Lair:2   | 12308 ||| DROPPING ring of see invisible.
 12601 | Lair:3   | 12601 ||| READING scroll of brand weapon.
 12601 | Lair:3   | 12601 ||| BRANDING +3 war axe of freezing.
 12602 | Lair:3   | 12602 ||| DROPPING +0 war axe of flaming.
 12627 | Lair:3   | 12627 ||| READING 7 scrolls of identify.
 12627 | Lair:3   | 12627 ||| IDENTIFYING white potion
 12651 | Lair:4   | 12651 ||| Stepping ~*~*~tactically~*~*~ (stealth).
 12652 | Lair:4   | 12652 ||| Stepping ~*~*~tactically~*~*~ (stealth).
 12653 | Lair:4   | 12653 ||| Stepping ~*~*~tactically~*~*~ (stealth).
 12655 | Lair:4   | 12655 ||| INVOKING Heroism.
 12658 | Lair:4   | Noticed Kirke
 12675 | Lair:4   | Killed Kirke
 12676 | Lair:4   | Reached skill level 11 in Fighting
 12709 | Lair:4   | 12709 ||| Stepping ~*~*~tactically~*~*~ (stealth).
 12872 | Lair:4   | 12872 ||| INVOKING Heroism.
 13154 | Lair:4   | 13154 ||| Stepping ~*~*~tactically~*~*~ (stealth).
 13155 | Lair:4   | 13155 ||| Stepping ~*~*~tactically~*~*~ (stealth).
 13200 | Lair:4   | 13200 ||| Stepping ~*~*~tactically~*~*~ (stealth).
 13203 | Lair:4   | 13203 ||| Stepping ~*~*~tactically~*~*~ (stealth).
 13213 | Lair:4   | 13213 ||| Stepping ~*~*~tactically~*~*~ (stealth).
 13232 | Lair:4   | Gained mutation: Your large and strong wings let you fly.
                  | [Gargoyle growth]
 13232 | Lair:4   | Reached XP level 14. HP: 69/90 MP: 0/21
 13433 | Lair:4   | 13433 ||| Stepping ~*~*~tactically~*~*~ (hiding).
 13840 | Lair:4   | 13840 ||| UPGRADING to +2 cloak.
 13850 | Lair:4   | 13850 ||| DROPPING +0 cloak.
 13851 | Lair:4   | 13851 ||| DROPPING amulet of guardian spirit.
 13852 | Lair:4   | 13852 ||| DROPPING +4 ring of protection.
 13853 | Lair:4   | 13853 ||| READING scroll labelled NIALAXZYOSU.
 13862 | Lair:5   | Entered Level 5 of the Lair of Beasts
 13863 | Lair:5   | 13863 ||| INVOKING Heroism.
 13994 | Lair:5   | Found a frozen archway.
 14057 | Lair:5   | 14057 ||| INVOKING Heroism.
 14058 | Lair:5   | 14058 ||| Stepping ~*~*~tactically~*~*~ (stealth).
 14110 | Lair:5   | Identified the +1 ring mail "Nemasak" {Regen+ Str-5 SInv}
                  | (Okawaru gifted it to you on level 5 of the Lair of Beasts)
 14110 | Lair:5   | Received a gift from Okawaru
 14325 | Lair:5   | Reached skill level 15 in Axes
 14362 | Lair:5   | 14362 ||| Stepping ~*~*~tactically~*~*~ (stealth).
 14504 | Lair:5   | Found a viscous altar of Jiyva.
 14504 | Lair:5   | Found a staircase to the Slime Pits.
 14519 | Lair:5   | 14519 ||| INVOKING Heroism.
 14629 | Lair:5   | 14629 ||| Stepping ~*~*~tactically~*~*~ (hiding).
 14632 | Lair:5   | 14632 ||| INVOKING Heroism.
 14633 | Lair:5   | 14633 ||| INVOKING Finesse.
 14726 | Lair:5   | 14726 ||| INVOKING Heroism.
 14744 | Lair:5   | Reached skill level 12 in Fighting
 14874 | Lair:5   | 14874 ||| Stepping ~*~*~tactically~*~*~ (hiding).
 14875 | Lair:5   | 14875 ||| Stepping ~*~*~tactically~*~*~ (hiding).
 14876 | Lair:5   | 14876 ||| Stepping ~*~*~tactically~*~*~ (hiding).
 14877 | Lair:5   | 14877 ||| Stepping ~*~*~tactically~*~*~ (hiding).
 14878 | Lair:5   | 14878 ||| INVOKING Heroism.
 14914 | Lair:5   | Reached skill level 12 in Armour
 15058 | Lair:5   | 15058 ||| INVOKING Heroism.
 15278 | Lair:5   | 15278 ||| INVOKING Heroism.
 15569 | Lair:5   | 15569 ||| READING scroll of brand weapon.
 15569 | Lair:5   | 15569 ||| BRANDING +4 war axe of flaming.
 15844 | Lair:5   | 15844 ||| Stepping ~*~*~tactically~*~*~ (stealth).
 16107 | Lair:5   | 16107 ||| INVOKING Heroism.
 16108 | Lair:5   | 16108 ||| INVOKING Finesse.
 16110 | Lair:5   | Found the +3 greatsling "Punk" {acid, rCorr}
 16305 | Lair:5   | 16305 ||| PLANNING D
 16305 | Lair:5   | 16305 ||| UPGRADING to +2 helmet of intelligence.
 16315 | Lair:5   | 16315 ||| DROPPING +0 helmet.
 16633 | D:12     | 16633 ||| FLEEEEING.
 16634 | D:12     | 16634 ||| FLEEEEING.
 16635 | D:12     | 16635 ||| FLEEEEING.
 16636 | D:12     | 16636 ||| FLEEEEING.
 16637 | D:12     | 16637 ||| FLEEEEING.
 16638 | D:12     | 16638 ||| FLEEEEING.
 16639 | D:12     | 16639 ||| FLEEEEING.
 16769 | D:12     | 16769 ||| INVOKING Heroism.
 17154 | D:12     | 17154 ||| READING scroll labelled ZEPTAS BIUNUOD.
 17155 | D:12     | 17155 ||| READING 10 scrolls of identify.
 17155 | D:12     | 17155 ||| IDENTIFYING black potion
 17156 | D:12     | 17156 ||| DROPPING potion of degeneration.
 17222 | D:13     | 17222 ||| Stepping ~*~*~tactically~*~*~ (hiding).
 17232 | D:13     | 17232 ||| STAIRDANCE
 17237 | D:12     | Reached XP level 15. HP: 83/96 MP: 9/22
 17311 | D:13     | 17311 ||| Stepping ~*~*~tactically~*~*~ (hiding).
 17312 | D:13     | 17312 ||| Stepping ~*~*~tactically~*~*~ (hiding).
 17313 | D:13     | 17313 ||| Stepping ~*~*~tactically~*~*~ (hiding).
 17320 | D:13     | 17320 ||| Stepping ~*~*~tactically~*~*~ (stealth).
 17321 | D:13     | 17321 ||| Stepping ~*~*~tactically~*~*~ (stealth).
 17326 | D:13     | 17326 ||| Stepping ~*~*~tactically~*~*~ (stealth).
 17328 | D:13     | Found Vaeff's Jewellery Boutique.
 17398 | D:13     | 17398 ||| BUYING +6 ring of strength (504 gold).
 17398 | D:13     | Bought a +6 ring of strength for 504 gold pieces
 17398 | D:13     | 17398 ||| SHOPLISTING ring of Ticw {*Slow Will++ AC+4
                  | Str+5} (866 gold, have 557).
 17398 | D:13     | 17398 ||| BUYING ring of protection from cold (350 gold).
 17398 | D:13     | Bought a ring of protection from cold for 350 gold pieces
 17398 | D:13     | 17398 ||| SHOPLISTING ring of protection from cold (350
                  | gold, have 207).
 17398 | D:13     | 17398 ||| SHOPLISTING ring of protection from fire (350
                  | gold, have 207).
 17443 | D:13     | 17443 ||| Stepping ~*~*~tactically~*~*~ (hiding).
 17481 | D:13     | 17481 ||| DROPPING +0 club.
 17562 | D:13     | You are sucked into a shaft and drop 2 floors!
 17562 | D:15     | Entered Level 15 of the Dungeon
 17572 | D:15     | 17572 ||| UPGRADING to +6 ring of strength.
 17586 | D:15     | 17586 ||| Stepping ~*~*~tactically~*~*~ (hiding).
 17588 | D:15     | 17588 ||| Stepping ~*~*~tactically~*~*~ (hiding).
 17589 | D:15     | 17589 ||| Stepping ~*~*~tactically~*~*~ (hiding).
 17599 | D:15     | Identified the +9 broad axe of Malaise {antimagic, Stlth+}
                  | (Okawaru gifted it to you on level 15 of the Dungeon)
 17599 | D:15     | Received a gift from Okawaru
 17648 | D:15     | 17648 ||| SWAPPING to +9 broad axe of Malaise {antimagic,
                  | Stlth+}.
 17676 | D:15     | 17676 ||| Stepping ~*~*~tactically~*~*~ (stealth).
 17677 | D:15     | 17677 ||| Stepping ~*~*~tactically~*~*~ (stealth).
 17678 | D:15     | 17678 ||| Stepping ~*~*~tactically~*~*~ (stealth).
 17679 | D:15     | 17679 ||| Stepping ~*~*~tactically~*~*~ (stealth).
 17690 | D:15     | 17690 ||| Stepping ~*~*~tactically~*~*~ (stealth).
 17691 | D:15     | 17691 ||| Stepping ~*~*~tactically~*~*~ (stealth).
 17692 | D:15     | 17692 ||| Stepping ~*~*~tactically~*~*~ (stealth).
 17694 | D:15     | 17694 ||| Stepping ~*~*~tactically~*~*~ (stealth).
 17695 | D:15     | 17695 ||| Stepping ~*~*~tactically~*~*~ (stealth).
 17888 | D:15     | 17888 ||| DROPPING +4 ring of slaying {mikee}.
 18237 | D:13     | 18237 ||| Stepping ~*~*~tactically~*~*~ (hiding).
 18245 | D:13     | 18245 ||| Stepping ~*~*~tactically~*~*~ (hiding).
 18544 | D:14     | 18544 ||| Stepping ~*~*~tactically~*~*~ (hiding).
 18546 | D:14     | 18546 ||| Stepping ~*~*~tactically~*~*~ (hiding).
 18549 | D:14     | 18549 ||| Stepping ~*~*~tactically~*~*~ (hiding).
 18709 | D:14     | Received a gift from Okawaru
 18784 | D:14     | 18784 ||| READING scroll of enchant armour.
 18784 | D:14     | 18784 ||| ENCHANTING +0 plate armour.
 18819 | D:14     | 18819 ||| Stepping ~*~*~tactically~*~*~ (hiding).
 18820 | D:14     | 18820 ||| Stepping ~*~*~tactically~*~*~ (hiding).
 18821 | D:14     | 18821 ||| Stepping ~*~*~tactically~*~*~ (hiding).
 18822 | D:14     | 18822 ||| Stepping ~*~*~tactically~*~*~ (hiding).
 18823 | D:14     | 18823 ||| Stepping ~*~*~tactically~*~*~ (hiding).
 18998 | D:14     | Found a gate to the Vaults.
 19373 | D:14     | 19373 ||| Stepping ~*~*~tactically~*~*~ (hiding).
 19376 | D:14     | 19376 ||| Stepping ~*~*~tactically~*~*~ (hiding).
 19410 | D:14     | 19410 ||| Stepping ~*~*~tactically~*~*~ (stealth).
 19411 | D:14     | 19411 ||| Stepping ~*~*~tactically~*~*~ (stealth).
 19412 | D:14     | 19412 ||| Stepping ~*~*~tactically~*~*~ (stealth).
 19470 | D:14     | 19470 ||| Stepping ~*~*~tactically~*~*~ (stealth).
 19474 | D:14     | 19474 ||| Stepping ~*~*~tactically~*~*~ (stealth).
 19746 | D:14     | 19746 ||| UPGRADING to +0 kite shield.
 19756 | D:14     | 19756 ||| DROPPING +0 buckler.
 19757 | D:14     | 19757 ||| READING scroll labelled OBEUDEL VATTI.
 19858 | D:15     | 19858 ||| INVOKING Heroism.
 19952 | D:15     | 19952 ||| Stepping ~*~*~tactically~*~*~ (stealth).
 19954 | D:15     | 19954 ||| Stepping ~*~*~tactically~*~*~ (hiding).
 19959 | D:15     | 19959 ||| INVOKING Heroism.
 19975 | D:15     | Reached skill level 9 in Shields
 20113 | D:15     | 20113 ||| Stepping ~*~*~tactically~*~*~ (hiding).
 20171 | D:15     | Found Ecsan's Antique Armour Shoppe.
 20176 | D:15     | 20176 ||| BUYING smoking cloak (199 gold).
 20176 | D:15     | Bought a smoking cloak for 199 gold pieces
 20176 | D:15     | Identified the -1 cloak "Recaulis" {SInv} (You bought it in
                  | a shop on level 15 of the Dungeon)
 20181 | D:15     | 20181 ||| Stepping ~*~*~tactically~*~*~ (hiding).
 20182 | D:15     | 20182 ||| Stepping ~*~*~tactically~*~*~ (hiding).
 20190 | D:15     | 20190 ||| INVOKING Heroism.
 20198 | D:15     | Identified the scarf "Zuptiof" {+Inv, rElec Will+} (Okawaru
                  | gifted it to you on level 15 of the Dungeon)
 20198 | D:15     | Received a gift from Okawaru
 20471 | D:15     | 20471 ||| Stepping ~*~*~tactically~*~*~ (stealth).
 20473 | D:15     | 20473 ||| INVOKING Heroism.
 20474 | D:15     | 20474 ||| INVOKING Finesse.
 20481 | D:15     | 20481 ||| SWAPPING to +1 heavy morningstar.
 20483 | D:15     | 20483 ||| SWAPPING to +9 broad axe of Malaise {antimagic,
                  | Stlth+}.
 20618 | D:15     | Found a staircase to the Depths.
 20619 | D:15     | 20619 ||| INVOKING Heroism.
 20860 | D:15     | 20860 ||| PLANNING ORC
 20860 | D:15     | 20860 ||| UPGRADING to -1 cloak "Recaulis" {SInv}.
 20870 | D:15     | 20870 ||| DROPPING scarf "Zuptiof" {+Inv, rElec Will+}.
 20871 | D:15     | 20871 ||| READING 11 scrolls of identify.
 20871 | D:15     | 20871 ||| IDENTIFYING inky potion
 20978 | Orc:1    | Entered Level 1 of the Orcish Mines
 20980 | Orc:1    | 20980 ||| DRINKING 5 potions of curing.
 20980 | Orc:1    | 20980 ||| (to cure confusion)
 21180 | Orc:1    | 21180 ||| Stepping ~*~*~tactically~*~*~ (hiding).
 21181 | Orc:1    | 21181 ||| Stepping ~*~*~tactically~*~*~ (hiding).
 21190 | Orc:1    | 21190 ||| Stepping ~*~*~tactically~*~*~ (hiding).
 21191 | Orc:1    | 21191 ||| Stepping ~*~*~tactically~*~*~ (hiding).
 21207 | Orc:1    | 21207 ||| Stepping ~*~*~tactically~*~*~ (hiding).
 21216 | Orc:1    | 21216 ||| Stepping ~*~*~tactically~*~*~ (hiding).
 21226 | Orc:1    | 21226 ||| FLEEEEING.
 21227 | Orc:1    | 21227 ||| FLEEEEING.
 21228 | Orc:1    | 21228 ||| FLEEEEING.
 21229 | Orc:1    | 21229 ||| FLEEEEING.
 21230 | Orc:1    | 21230 ||| FLEEEEING.
 21231 | Orc:1    | 21231 ||| FLEEEEING.
 21232 | Orc:1    | 21232 ||| FLEEEEING.
 21233 | Orc:1    | 21233 ||| FLEEEEING.
 21234 | Orc:1    | 21234 ||| FLEEEEING.
 21235 | Orc:1    | 21235 ||| FLEEEEING.
 21236 | Orc:1    | 21236 ||| FLEEEEING.
 21237 | Orc:1    | 21237 ||| STAIRDANCE
 21297 | Orc:1    | 21297 ||| Stepping ~*~*~tactically~*~*~ (hiding).
 21298 | Orc:1    | 21298 ||| Stepping ~*~*~tactically~*~*~ (hiding).
 21299 | Orc:1    | 21299 ||| Stepping ~*~*~tactically~*~*~ (hiding).
 21411 | Orc:1    | Found Kuru's General Store.
 21424 | Orc:1    | 21424 ||| BUYING wand of digging (5) (294 gold).
 21424 | Orc:1    | Bought a wand of digging (5) for 294 gold pieces
 21492 | Orc:1    | 21492 ||| UPGRADING to +3 plate armour.
 21502 | Orc:1    | 21502 ||| DROPPING +1 plate armour.
 21525 | Orc:2    | Entered Level 2 of the Orcish Mines
 21674 | Orc:2    | Found a staircase to the Elven Halls.
 21680 | Orc:2    | Noticed Jorgrun
 21681 | Orc:2    | 21681 ||| Stepping ~*~*~tactically~*~*~ (hiding).
 21684 | Orc:2    | 21684 ||| INVOKING Heroism.
 21699 | Orc:2    | Killed Jorgrun
 21911 | Orc:2    | 21911 ||| Stepping ~*~*~tactically~*~*~ (hiding).
 21912 | Orc:2    | 21912 ||| Stepping ~*~*~tactically~*~*~ (hiding).
 21913 | Orc:2    | 21913 ||| Stepping ~*~*~tactically~*~*~ (hiding).
 21916 | Orc:2    | 21916 ||| Stepping ~*~*~tactically~*~*~ (hiding).
 21923 | Orc:2    | Reached XP level 16. HP: 103/103 MP: 5/23
 21926 | Orc:2    | 21926 ||| Stepping ~*~*~tactically~*~*~ (hiding).
 21927 | Orc:2    | 21927 ||| Stepping ~*~*~tactically~*~*~ (hiding).
 21928 | Orc:2    | 21928 ||| Stepping ~*~*~tactically~*~*~ (hiding).
 21929 | Orc:2    | 21929 ||| Stepping ~*~*~tactically~*~*~ (hiding).
 21931 | Orc:2    | 21931 ||| INVOKING Heroism.
 21962 | Orc:2    | Reached skill level 12 in Shields
 21975 | Orc:2    | Found Tallinext's Antique Weapon Boutique.
 21975 | Orc:2    | Found Holaug's Antique Weapon Shoppe.
 21979 | Orc:2    | Found Yntucor's Distillery.
 21983 | Orc:2    | Found Kuhek's Distillery.
 22052 | Orc:2    | 22052 ||| BUYING potion of curing (30 gold).
 22052 | Orc:2    | Bought a potion of curing for 30 gold pieces
 22052 | Orc:2    | 22052 ||| BUYING potion of heal wounds (50 gold).
 22052 | Orc:2    | Bought a potion of heal wounds for 50 gold pieces
 22052 | Orc:2    | 22052 ||| BUYING potion of heal wounds (50 gold).
 22052 | Orc:2    | Bought a potion of heal wounds for 50 gold pieces
 22052 | Orc:2    | 22052 ||| BUYING potion of resistance (100 gold).
 22052 | Orc:2    | Bought a potion of resistance for 100 gold pieces
 22052 | Orc:2    | 22052 ||| BUYING potion of resistance (100 gold).
 22052 | Orc:2    | Bought a potion of resistance for 100 gold pieces
 22057 | Orc:2    | 22057 ||| BUYING potion of curing (39 gold).
 22057 | Orc:2    | Bought a potion of curing for 39 gold pieces
 22057 | Orc:2    | 22057 ||| BUYING potion of curing (39 gold).
 22057 | Orc:2    | Bought a potion of curing for 39 gold pieces
 22057 | Orc:2    | 22057 ||| SHOPLISTING potion of resistance (130 gold, have
                  | 75).
 22068 | Orc:2    | 22068 ||| DROPPING +4 war axe of draining.
 22069 | Orc:2    | 22069 ||| DROPPING +0 war axe.
 22095 | Orc:2    | 22095 ||| Stepping ~*~*~tactically~*~*~ (hiding).
 22096 | Orc:2    | 22096 ||| Stepping ~*~*~tactically~*~*~ (hiding).
 22097 | Orc:2    | 22097 ||| Stepping ~*~*~tactically~*~*~ (hiding).
 22098 | Orc:2    | 22098 ||| Stepping ~*~*~tactically~*~*~ (hiding).
 22099 | Orc:2    | 22099 ||| Stepping ~*~*~tactically~*~*~ (hiding).
 22184 | Orc:2    | 22184 ||| Stepping ~*~*~tactically~*~*~ (hiding).
 22185 | Orc:2    | 22185 ||| Stepping ~*~*~tactically~*~*~ (hiding).
 22187 | Orc:2    | 22187 ||| Stepping ~*~*~tactically~*~*~ (hiding).
 22188 | Orc:2    | 22188 ||| Stepping ~*~*~tactically~*~*~ (hiding).
 22206 | Orc:2    | 22206 ||| Stepping ~*~*~tactically~*~*~ (stealth).
 22208 | Orc:2    | 22208 ||| Stepping ~*~*~tactically~*~*~ (hiding).
 22212 | Orc:2    | 22212 ||| Stepping ~*~*~tactically~*~*~ (hiding).
 22213 | Orc:2    | 22213 ||| Stepping ~*~*~tactically~*~*~ (hiding).
 22214 | Orc:2    | 22214 ||| Stepping ~*~*~tactically~*~*~ (hiding).
 22216 | Orc:2    | 22216 ||| Stepping ~*~*~tactically~*~*~ (hiding).
 22225 | Orc:2    | 22225 ||| Stepping ~*~*~tactically~*~*~ (hiding).
 22257 | Orc:2    | 22257 ||| Stepping ~*~*~tactically~*~*~ (stealth).
 22260 | Orc:2    | 22260 ||| Stepping ~*~*~tactically~*~*~ (stealth).
 22262 | Orc:2    | 22262 ||| Stepping ~*~*~tactically~*~*~ (hiding).
 22264 | Orc:2    | 22264 ||| Stepping ~*~*~tactically~*~*~ (hiding).
 22284 | Orc:2    | 22284 ||| Stepping ~*~*~tactically~*~*~ (stealth).
 22326 | Orc:2    | 22326 ||| Stepping ~*~*~tactically~*~*~ (stealth).
 22768 | Orc:2    | 22768 ||| PLANNING SHOALS:1-3
 22976 | Shoals:1 | Entered Level 1 of the Shoals
 22996 | Shoals:1 | 22996 ||| INVOKING Heroism.
 23113 | Shoals:1 | 23113 ||| Stepping ~*~*~tactically~*~*~ (hiding).
 23208 | Shoals:1 | 23208 ||| Stepping ~*~*~tactically~*~*~ (hiding).
 23209 | Shoals:1 | 23209 ||| Stepping ~*~*~tactically~*~*~ (hiding).
 23359 | Shoals:1 | Found Ysaib's Distillery.
 23364 | Shoals:1 | 23364 ||| BUYING 2 potions of heal wounds (170 gold).
 23364 | Shoals:1 | Bought 2 potions of heal wounds for 170 gold pieces
 23364 | Shoals:1 | 23364 ||| SHOPLISTING 2 potions of resistance (340 gold,
                  | have 236).
 23364 | Shoals:1 | 23364 ||| BUYING potion of haste (170 gold).
 23364 | Shoals:1 | Bought a potion of haste for 170 gold pieces
 23364 | Shoals:1 | 23364 ||| SHOPLISTING potion of heal wounds (85 gold, have
                  | 66).
 23364 | Shoals:1 | 23364 ||| BUYING potion of lignification (51 gold).
 23364 | Shoals:1 | Bought a potion of lignification for 51 gold pieces
 23382 | Shoals:1 | Reached skill level 13 in Fighting
 23455 | Shoals:1 | 23455 ||| Stepping ~*~*~tactically~*~*~ (hiding).
 23674 | Shoals:1 | Found Piuntaf's Armour Emporium.
 23680 | Shoals:1 | Identified the +2 leather armour of Keanititad {rC+++ rCorr
                  | Str+2 Dex-4}
 23685 | Shoals:1 | 23685 ||| SHOPLISTING +2 plate armour of willpower (720
                  | gold, have 31).
 23812 | Shoals:1 | Found Wuokaece's Armour Shop.
 23821 | Shoals:1 | 23821 ||| SHOPLISTING +0 helmet of see invisible (149 gold,
                  | have 52).
 23821 | Shoals:1 | 23821 ||| SHOPLISTING +4 plate armour of fire resistance
                  | (650 gold, have 52).
 23836 | Shoals:1 | Found Qosejih's Weapon Shoppe.
 23840 | Shoals:1 | 23840 ||| Stepping ~*~*~tactically~*~*~ (hiding).
 23843 | Shoals:1 | 23843 ||| Stepping ~*~*~tactically~*~*~ (hiding).
 23977 | Shoals:1 | Found Patt's Assorted Antiques.
 24104 | Shoals:1 | 24104 ||| READING scroll of enchant armour.
 24104 | Shoals:1 | 24104 ||| ENCHANTING +3 plate armour.
 24120 | Shoals:1 | 24120 ||| SHOPLISTING +16 obsidian axe {drain, demonic,
                  | Mesm Drain Fly SInv} (3131 gold, have 62).
 24120 | Shoals:1 | 24120 ||| BUYING fuming brown potion (29 gold).
 24120 | Shoals:1 | Bought a fuming brown potion for 29 gold pieces
 24120 | Shoals:1 | 24120 ||| SHOPLISTING scroll of teleportation (99 gold,
                  | have 33).
 24322 | Shoals:1 | 24322 ||| READING 10 scrolls of identify.
 24322 | Shoals:1 | 24322 ||| IDENTIFYING bubbling orange potion
 24323 | Shoals:1 | 24323 ||| READING 9 scrolls of identify.
 24323 | Shoals:1 | 24323 ||| IDENTIFYING fuming brown potion
 24324 | Shoals:1 | 24324 ||| DROPPING potion of invisibility.
 24418 | Shoals:2 | 24418 ||| INVOKING Heroism.
 24710 | Shoals:2 | 24710 ||| INVOKING Heroism.
 24740 | Shoals:2 | Noticed Aizul
 24741 | Shoals:2 | 24741 ||| INVOKING Heroism.
 24757 | Shoals:2 | Killed Aizul
 24892 | Shoals:2 | 24892 ||| INVOKING Heroism.
 24941 | Shoals:2 | 24941 ||| INVOKING Heroism.
 25018 | Shoals:2 | 25018 ||| READING scroll of enchant armour.
 25018 | Shoals:2 | 25018 ||| ENCHANTING +4 plate armour.
 25067 | Shoals:2 | 25067 ||| INVOKING Heroism.
 25227 | Shoals:2 | 25227 ||| Stepping ~*~*~tactically~*~*~ (stealth).
 25230 | Shoals:2 | Noticed Mlioglotl
 25231 | Shoals:2 | 25231 ||| INVOKING Heroism.
 25234 | Shoals:2 | Noticed a lich
 25244 | Shoals:2 | Killed Mlioglotl
 25403 | Shoals:2 | Noticed Ilsuiw
 25404 | Shoals:2 | 25404 ||| INVOKING Heroism.
 25418 | Shoals:2 | Killed Ilsuiw
 25440 | Shoals:2 | Reached skill level 18 in Axes
 25530 | Shoals:2 | 25530 ||| INVOKING Heroism.
 25893 | Shoals:2 | 25893 ||| DROPPING +1 helmet.
 25917 | Shoals:3 | 25917 ||| INVOKING Heroism.
 26159 | Shoals:3 | 26159 ||| INVOKING Heroism.
 26260 | Shoals:3 | 26260 ||| INVOKING Heroism.
 26639 | Shoals:3 | Noticed a kraken
 26650 | Shoals:3 | Killed a kraken
 26651 | Shoals:3 | Reached XP level 17. HP: 55/110 MP: 0/24
 26760 | Shoals:3 | 26760 ||| INVOKING Heroism.
 27102 | Shoals:3 | 27102 ||| Stepping ~*~*~tactically~*~*~ (hiding).
 27105 | Shoals:3 | 27105 ||| INVOKING Heroism.
 27114 | Shoals:3 | Reached skill level 14 in Fighting
 27185 | Shoals:3 | Noticed a titan
 27186 | Shoals:3 | 27186 ||| INVOKING Heroism.
 27275 | Shoals:3 | 27275 ||| INVOKING Heroism.
 27283 | Shoals:3 | Killed a titan
 27283 | Shoals:3 | Received a gift from Okawaru
 27409 | Shoals:3 | 27409 ||| PLANNING SPIDER:1-3
 27531 | Spider:1 | Entered Level 1 of the Spider Nest
 27591 | Spider:1 | 27591 ||| Stepping ~*~*~tactically~*~*~ (stealth).
 27592 | Spider:1 | 27592 ||| Stepping ~*~*~tactically~*~*~ (stealth).
 27593 | Spider:1 | 27593 ||| Stepping ~*~*~tactically~*~*~ (stealth).
 27674 | Spider:1 | Noticed Nikola
 27675 | Spider:1 | 27675 ||| INVOKING Heroism.
 27688 | Spider:1 | Killed Nikola
 28052 | Spider:1 | Identified Roxanne's Folio of Reformation
 28052 | Spider:1 | Noticed Roxanne
 28053 | Spider:1 | 28053 ||| INVOKING Heroism.
 28071 | Spider:1 | Killed Roxanne
 28075 | Spider:1 | 28075 ||| Stepping ~*~*~tactically~*~*~ (stealth).
 28076 | Spider:1 | 28076 ||| Stepping ~*~*~tactically~*~*~ (stealth).
 28105 | Spider:1 | 28105 ||| Stepping ~*~*~tactically~*~*~ (stealth).
 28128 | Spider:1 | 28128 ||| Stepping ~*~*~tactically~*~*~ (stealth).
 28156 | Spider:1 | Noticed Asterion
 28157 | Spider:1 | 28157 ||| Stepping ~*~*~tactically~*~*~ (stealth).
 28411 | Spider:1 | 28411 ||| Stepping ~*~*~tactically~*~*~ (stealth).
 28478 | Spider:1 | 28478 ||| INVOKING Heroism.
 28486 | Spider:1 | Noticed an Executioner
 28497 | Spider:1 | Killed Asterion
 28726 | Spider:1 | 28726 ||| DROPPING +2 hat.
 28742 | Spider:2 | 28742 ||| Stepping ~*~*~tactically~*~*~ (hiding).
 28746 | Spider:2 | 28746 ||| DRINKING 11 potions of curing.
 28746 | Spider:2 | 28746 ||| (to cure confusion)
 28939 | Spider:2 | 28939 ||| Stepping ~*~*~tactically~*~*~ (stealth).
 28940 | Spider:2 | 28940 ||| Stepping ~*~*~tactically~*~*~ (stealth).
 29009 | Spider:2 | 29009 ||| INVOKING Heroism.
 29102 | Spider:2 | Reached skill level 15 in Fighting
 29174 | Spider:2 | 29174 ||| Stepping ~*~*~tactically~*~*~ (hiding).
 29176 | Spider:2 | 29176 ||| Stepping ~*~*~tactically~*~*~ (hiding).
 29177 | Spider:2 | 29177 ||| INVOKING Heroism.
 29185 | Spider:2 | Received a gift from Okawaru
 29406 | Spider:2 | 29406 ||| Stepping ~*~*~tactically~*~*~ (hiding).
 29529 | Spider:2 | 29529 ||| Stepping ~*~*~tactically~*~*~ (hiding).
 29582 | Spider:2 | 29582 ||| DROPPING +1 heavy morningstar.
 29583 | Spider:2 | 29583 ||| DROPPING +2 spectral demon whip.
 29605 | Spider:2 | 29605 ||| FLEEEEING.
 29608 | Spider:2 | 29608 ||| Stepping ~*~*~tactically~*~*~ (stealth).
 29609 | Spider:2 | 29609 ||| FLEEEEING.
 29610 | Spider:2 | 29610 ||| FLEEEEING.
 29611 | Spider:2 | 29611 ||| FLEEEEING.
 29709 | Spider:2 | 29709 ||| INVOKING Finesse.
 29722 | Spider:2 | 29722 ||| DROPPING scarf of repulsion.
 29830 | Spider:2 | 29830 ||| INVOKING Heroism.
 30016 | Spider:2 | 30016 ||| INVOKING Heroism.
 30018 | Spider:2 | 30018 ||| Stepping ~*~*~tactically~*~*~ (hiding).
 30125 | Spider:2 | 30125 ||| INVOKING Heroism.
 30385 | Spider:3 | 30385 ||| INVOKING Heroism.
 30463 | Spider:3 | 30463 ||| Stepping ~*~*~tactically~*~*~ (stealth).
 30515 | Spider:3 | 30515 ||| Stepping ~*~*~tactically~*~*~ (stealth).
 30521 | Spider:3 | 30521 ||| Stepping ~*~*~tactically~*~*~ (stealth).
 30538 | Spider:3 | Reached skill level 15 in Armour
 30618 | Spider:3 | 30618 ||| Stepping ~*~*~tactically~*~*~ (stealth).
 30694 | Spider:3 | Noticed Louise
 30727 | Spider:3 | Killed Louise
 30803 | Spider:3 | Found a transporter.
 30809 | Spider:3 | 30809 ||| Stepping ~*~*~tactically~*~*~ (stealth).
 30821 | Spider:3 | 30821 ||| Stepping ~*~*~tactically~*~*~ (stealth).
 30836 | Spider:3 | Noticed Azrael
 30845 | Spider:3 | Killed Azrael
 30846 | Spider:3 | Reached XP level 18. HP: 113/119 MP: 1/25
 30870 | Spider:3 | 30870 ||| Stepping ~*~*~tactically~*~*~ (stealth).
 30872 | Spider:3 | 30872 ||| DROPPING +4 hand axe of flaming.
 30873 | Spider:3 | 30873 ||| Stepping ~*~*~tactically~*~*~ (stealth).
 30877 | Spider:3 | 30877 ||| Stepping ~*~*~tactically~*~*~ (stealth).
 30878 | Spider:3 | 30878 ||| Stepping ~*~*~tactically~*~*~ (stealth).
 30879 | Spider:3 | 30879 ||| Stepping ~*~*~tactically~*~*~ (stealth).
 30943 | Spider:3 | 30943 ||| Stepping ~*~*~tactically~*~*~ (stealth).
 30944 | Spider:3 | 30944 ||| Stepping ~*~*~tactically~*~*~ (stealth).
 31070 | Spider:3 | 31070 ||| Stepping ~*~*~tactically~*~*~ (stealth).
 31072 | Spider:3 | 31072 ||| INVOKING Heroism.
 31223 | Spider:3 | Found a transporter.
 31240 | Spider:3 | Reached skill level 15 in Shields
 31355 | Spider:3 | 31355 ||| Stepping ~*~*~tactically~*~*~ (stealth).
 31482 | Spider:3 | 31482 ||| FLEEEEING.
 31485 | Spider:3 | 31485 ||| FLEEEEING.
 31487 | Spider:3 | 31487 ||| FLEEEEING.
 31488 | Spider:3 | 31488 ||| FLEEEEING.
 31680 | Spider:3 | 31680 ||| PLANNING SHOALS:4
 31680 | Spider:3 | 31680 ||| UPGRADING to +0 tower shield.
 31690 | Spider:3 | 31690 ||| DROPPING +0 kite shield.
 31973 | Shoals:4 | Entered Level 4 of the Shoals
 31976 | Shoals:4 | 31976 ||| INVOKING Heroism.
 31979 | Shoals:4 | 31979 ||| Stepping ~*~*~tactically~*~*~ (hiding).
 32100 | Shoals:4 | Noticed Mara
 32102 | Shoals:4 | 32102 ||| INVOKING Heroism.
 32103 | Shoals:4 | 32103 ||| INVOKING Finesse.
 32105 | Shoals:4 | Noticed qw's illusion
 32121 | Shoals:4 | Killed Mara
 32210 | Shoals:4 | 32210 ||| INVOKING Heroism.
 32259 | Shoals:4 | 32259 ||| Stepping ~*~*~tactically~*~*~ (hiding).
 32260 | Shoals:4 | 32260 ||| Stepping ~*~*~tactically~*~*~ (hiding).
 32301 | Shoals:4 | 32301 ||| INVOKING Heroism.
 32307 | Shoals:4 | Received a gift from Okawaru
 32428 | Shoals:4 | 32428 ||| INVOKING Heroism.
 32487 | Shoals:4 | 32487 ||| FLEEEEING.
 32488 | Shoals:4 | 32488 ||| FLEEEEING.
 32549 | Shoals:4 | 32549 ||| INVOKING Heroism.
 32744 | Shoals:4 | 32744 ||| INVOKING Heroism.
 32877 | Shoals:4 | 32877 ||| INVOKING Heroism.
 32912 | Shoals:4 | 32912 ||| FLEEEEING.
 32913 | Shoals:4 | 32913 ||| FLEEEEING.
 32914 | Shoals:4 | 32914 ||| FLEEEEING.
 32915 | Shoals:4 | 32915 ||| FLEEEEING.
 32916 | Shoals:4 | 32916 ||| FLEEEEING.
 33249 | Shoals:4 | 33249 ||| Stepping ~*~*~tactically~*~*~ (hiding).
 33250 | Shoals:4 | 33250 ||| Stepping ~*~*~tactically~*~*~ (hiding).
 33251 | Shoals:4 | 33251 ||| Stepping ~*~*~tactically~*~*~ (hiding).
 33326 | Shoals:4 | 33326 ||| Stepping ~*~*~tactically~*~*~ (stealth).
 33327 | Shoals:4 | 33327 ||| Stepping ~*~*~tactically~*~*~ (stealth).
 33329 | Shoals:4 | 33329 ||| Stepping ~*~*~tactically~*~*~ (stealth).
 33341 | Shoals:4 | Received a gift from Okawaru
 33345 | Shoals:4 | 33345 ||| INVOKING Heroism.
 33523 | Shoals:4 | Reached skill level 6 in Throwing
 33560 | Shoals:4 | 33560 ||| Stepping ~*~*~tactically~*~*~ (stealth).
 33562 | Shoals:4 | 33562 ||| Stepping ~*~*~tactically~*~*~ (stealth).
 33804 | Shoals:4 | 33804 ||| INVOKING Heroism.
 33814 | Shoals:4 | Received a gift from Okawaru
 33820 | Shoals:4 | HP: 29/119 [merfolk javelineer/silver javelin (1)]
 33821 | Shoals:4 | 33821 ||| READING 8 scrolls of teleportation.
 33822 | Shoals:4 | 33822 ||| DRINKING 4 potions of heal wounds.
 33934 | Shoals:4 | Got a barnacled rune of Zot
 34001 | Shoals:4 | 34001 ||| PLANNING VAULTS:1-4
 34022 | Shoals:4 | 34022 ||| INVOKING Heroism.
 34339 | Vaults:1 | Entered Level 1 of the Vaults
 34434 | Vaults:1 | HP: 25/119 [vault warden zombie[a necromancer] (15)]
 34435 | Vaults:1 | 34435 ||| READING 7 scrolls of teleportation.
 34436 | Vaults:1 | 34436 ||| DRINKING 3 potions of heal wounds.
 34725 | Vaults:1 | 34725 ||| Stepping ~*~*~tactically~*~*~ (hiding).
 34730 | Vaults:1 | 34730 ||| Stepping ~*~*~tactically~*~*~ (hiding).
 34735 | Vaults:1 | 34735 ||| INVOKING Heroism.
 34739 | Vaults:1 | 34739 ||| Stepping ~*~*~tactically~*~*~ (hiding).
 34740 | Vaults:1 | 34740 ||| Stepping ~*~*~tactically~*~*~ (hiding).
 34741 | Vaults:1 | 34741 ||| Stepping ~*~*~tactically~*~*~ (hiding).
 34888 | Vaults:1 | Found a transporter.
 34888 | Vaults:1 | Found Ushriydd's Antique Armour Shop.
 34908 | Vaults:1 | Found a transporter.
 34938 | Vaults:1 | Identified the +3 mace of Disembowelment {flame, Fly rPois
                  | rC- SInv}
 34940 | Vaults:1 | 34940 ||| Stepping ~*~*~tactically~*~*~ (hiding).
 34942 | Vaults:1 | Found the +27 heavy crossbow "Sniper" {heavy, Acc+∞ SInv}
 34961 | Vaults:1 | 34961 ||| Stepping ~*~*~tactically~*~*~ (stealth).
 34962 | Vaults:1 | 34962 ||| Stepping ~*~*~tactically~*~*~ (stealth).
 34963 | Vaults:1 | 34963 ||| Stepping ~*~*~tactically~*~*~ (stealth).
 34970 | Vaults:1 | 34970 ||| Stepping ~*~*~tactically~*~*~ (stealth).
 34971 | Vaults:1 | 34971 ||| Stepping ~*~*~tactically~*~*~ (stealth).
 34972 | Vaults:1 | 34972 ||| Stepping ~*~*~tactically~*~*~ (stealth).
 34973 | Vaults:1 | 34973 ||| Stepping ~*~*~tactically~*~*~ (stealth).
 34977 | Vaults:1 | 34977 ||| Stepping ~*~*~tactically~*~*~ (hiding).
 34978 | Vaults:1 | 34978 ||| Stepping ~*~*~tactically~*~*~ (hiding).
 34980 | Vaults:1 | 34980 ||| Stepping ~*~*~tactically~*~*~ (hiding).
 34981 | Vaults:1 | 34981 ||| Stepping ~*~*~tactically~*~*~ (hiding).
 34982 | Vaults:1 | 34982 ||| Stepping ~*~*~tactically~*~*~ (hiding).
 35012 | Vaults:1 | Reached skill level 18 in Shields
 35012 | Vaults:1 | Paralysed by a floating eye for 2 turns
 35013 | Vaults:1 | Reached XP level 19. HP: 106/124 MP: 0/26
 35143 | Vaults:1 | Identified the +2 scale mail "Gog Naum" {Regen+ Slay+3}
 35353 | Vaults:1 | 35353 ||| Stepping ~*~*~tactically~*~*~ (hiding).
 35354 | Vaults:1 | 35354 ||| Stepping ~*~*~tactically~*~*~ (hiding).
 35506 | Vaults:1 | Identified the +0 war axe of Fortitude {flame, Str+4}
                  | (Okawaru gifted it to you on level 1 of the Vaults)
 35506 | Vaults:1 | Received a gift from Okawaru
 35586 | Vaults:1 | 35586 ||| DROPPING +0 war axe of Fortitude {flame, Str+4}.
 35627 | Vaults:1 | 35627 ||| INVOKING Heroism.
 35628 | Vaults:1 | 35628 ||| INVOKING Finesse.
 35629 | Vaults:1 | 35629 ||| INVOKING Finesse.
 35911 | Vaults:1 | 35911 ||| Stepping ~*~*~tactically~*~*~ (stealth).
 36023 | Vaults:1 | 36023 ||| READING scroll of enchant armour.
 36023 | Vaults:1 | 36023 ||| ENCHANTING +5 plate armour.
 36036 | Vaults:1 | 36036 ||| INVOKING Finesse.
 36181 | Vaults:1 | Reached skill level 9 in Throwing
 36732 | Vaults:2 | 36732 ||| Stepping ~*~*~tactically~*~*~ (stealth).
 36929 | Vaults:2 | 36929 ||| FLEEEEING.
 36930 | Vaults:2 | 36930 ||| FLEEEEING.
 36931 | Vaults:2 | 36931 ||| FLEEEEING.
 36932 | Vaults:2 | 36932 ||| FLEEEEING.
 36933 | Vaults:2 | 36933 ||| FLEEEEING.
 36934 | Vaults:2 | 36934 ||| FLEEEEING.
 36935 | Vaults:2 | 36935 ||| FLEEEEING.
 36936 | Vaults:2 | 36936 ||| FLEEEEING.
 36937 | Vaults:2 | 36937 ||| FLEEEEING.
 36943 | Vaults:2 | 36943 ||| FLEEEEING.
 36944 | Vaults:2 | 36944 ||| FLEEEEING.
 36945 | Vaults:2 | 36945 ||| FLEEEEING.
 36946 | Vaults:2 | 36946 ||| FLEEEEING.
 36947 | Vaults:2 | 36947 ||| FLEEEEING.
 36948 | Vaults:2 | 36948 ||| FLEEEEING.
 36949 | Vaults:2 | 36949 ||| FLEEEEING.
 36950 | Vaults:2 | 36950 ||| FLEEEEING.
 36951 | Vaults:2 | 36951 ||| STAIRDANCE
 37161 | Vaults:2 | 37161 ||| FLEEEEING.
 37162 | Vaults:2 | 37162 ||| FLEEEEING.
 37163 | Vaults:2 | 37163 ||| FLEEEEING.
 37164 | Vaults:2 | 37164 ||| FLEEEEING.
 37169 | Vaults:2 | 37169 ||| FLEEEEING.
 37170 | Vaults:2 | 37170 ||| FLEEEEING.
 37177 | Vaults:2 | 37177 ||| FLEEEEING.
 37178 | Vaults:2 | 37178 ||| FLEEEEING.
 37179 | Vaults:2 | 37179 ||| FLEEEEING.
 37180 | Vaults:2 | 37180 ||| FLEEEEING.
 37181 | Vaults:2 | 37181 ||| FLEEEEING.
 37182 | Vaults:2 | 37182 ||| FLEEEEING.
 37183 | Vaults:2 | 37183 ||| FLEEEEING.
 37184 | Vaults:2 | 37184 ||| STAIRDANCE
 37293 | Vaults:2 | 37293 ||| STAIRDANCE
 37596 | Vaults:2 | 37596 ||| FLEEEEING.
 37597 | Vaults:2 | 37597 ||| FLEEEEING.
 37600 | Vaults:2 | 37600 ||| FLEEEEING.
 37601 | Vaults:2 | 37601 ||| FLEEEEING.
 37602 | Vaults:2 | 37602 ||| FLEEEEING.
 37603 | Vaults:2 | 37603 ||| FLEEEEING.
 37604 | Vaults:2 | 37604 ||| FLEEEEING.
 37608 | Vaults:2 | 37608 ||| FLEEEEING.
 37609 | Vaults:2 | 37609 ||| FLEEEEING.
 37610 | Vaults:2 | 37610 ||| FLEEEEING.
 37611 | Vaults:2 | 37611 ||| Stepping ~*~*~tactically~*~*~ (hiding).
 37612 | Vaults:2 | 37612 ||| FLEEEEING.
 37613 | Vaults:2 | 37613 ||| FLEEEEING.
 37614 | Vaults:2 | 37614 ||| FLEEEEING.
 37615 | Vaults:2 | 37615 ||| FLEEEEING.
 37616 | Vaults:2 | 37616 ||| FLEEEEING.
 37617 | Vaults:2 | 37617 ||| FLEEEEING.
 37618 | Vaults:2 | 37618 ||| FLEEEEING.
 37619 | Vaults:2 | 37619 ||| FLEEEEING.
 37620 | Vaults:2 | 37620 ||| FLEEEEING.
 37621 | Vaults:2 | 37621 ||| FLEEEEING.
 37622 | Vaults:2 | 37622 ||| FLEEEEING.
 37623 | Vaults:2 | 37623 ||| FLEEEEING.
 37624 | Vaults:2 | 37624 ||| FLEEEEING.
 37625 | Vaults:2 | 37625 ||| FLEEEEING.
 37626 | Vaults:2 | 37626 ||| FLEEEEING.
 37627 | Vaults:2 | 37627 ||| FLEEEEING.
 37628 | Vaults:2 | 37628 ||| FLEEEEING.
 37629 | Vaults:2 | 37629 ||| FLEEEEING.
 37630 | Vaults:2 | 37630 ||| FLEEEEING.
 37631 | Vaults:2 | 37631 ||| FLEEEEING.
 37634 | Vaults:2 | 37634 ||| INVOKING Heroism.
 37642 | Vaults:2 | Reached skill level 16 in Fighting
 37904 | Vaults:2 | 37904 ||| Stepping ~*~*~tactically~*~*~ (hiding).
 37910 | Vaults:2 | 37910 ||| INVOKING Heroism.
 37911 | Vaults:2 | 37911 ||| INVOKING Finesse.
 37918 | Vaults:2 | 37918 ||| Stepping ~*~*~tactically~*~*~ (hiding).
 37938 | Abyss:2  | Cast into level 2 of the Abyss (a wizard)
 37943 | Abyss:2  | 37943 ||| Stepping ~*~*~tactically~*~*~ (stealth).
 37946 | Abyss:2  | 37946 ||| Stepping ~*~*~tactically~*~*~ (stealth).
 38011 | Abyss:2  | 38011 ||| Stepping ~*~*~tactically~*~*~ (stealth).
 38059 | Abyss:2  | 38059 ||| Stepping ~*~*~tactically~*~*~ (stealth).
 38061 | Abyss:2  | 38061 ||| Stepping ~*~*~tactically~*~*~ (hiding).
 38211 | Abyss:2  | Reached skill level 6 in Dodging
 38301 | Abyss:2  | 38301 ||| Stepping ~*~*~tactically~*~*~ (stealth).
 38307 | Abyss:2  | 38307 ||| Stepping ~*~*~tactically~*~*~ (hiding).
 38317 | Abyss:2  | 38317 ||| Stepping ~*~*~tactically~*~*~ (stealth).
 38370 | Abyss:3  | 38370 ||| Stepping ~*~*~tactically~*~*~ (stealth).
 38373 | Abyss:3  | 38373 ||| Stepping ~*~*~tactically~*~*~ (stealth).
 38374 | Abyss:3  | 38374 ||| Stepping ~*~*~tactically~*~*~ (stealth).
 38379 | Abyss:3  | 38379 ||| Stepping ~*~*~tactically~*~*~ (stealth).
 38380 | Abyss:3  | 38380 ||| Stepping ~*~*~tactically~*~*~ (hiding).
 38416 | Vaults:2 | Escaped the Abyss
 38421 | Vaults:2 | 38421 ||| FLEEEEING.
 38422 | Vaults:2 | 38422 ||| FLEEEEING.
 38423 | Vaults:2 | 38423 ||| FLEEEEING.
 38424 | Vaults:2 | 38424 ||| FLEEEEING.
 38429 | Vaults:2 | 38429 ||| FLEEEEING.
 38430 | Vaults:2 | 38430 ||| FLEEEEING.
 38433 | Vaults:2 | 38433 ||| FLEEEEING.
 38434 | Vaults:2 | 38434 ||| FLEEEEING.
 38435 | Vaults:2 | 38435 ||| FLEEEEING.
 38436 | Vaults:2 | 38436 ||| FLEEEEING.
 38436 | Abyss:3  | Cast into level 3 of the Abyss (a wizard)
 38568 | Abyss:3  | 38568 ||| Stepping ~*~*~tactically~*~*~ (stealth).
 38579 | Abyss:3  | 38579 ||| Stepping ~*~*~tactically~*~*~ (hiding).
 38581 | Abyss:3  | 38581 ||| Stepping ~*~*~tactically~*~*~ (hiding).
 38593 | Abyss:3  | Identified the +11 falchion of Disaster {flame, rF+ rC+
                  | Str-3 SInv} (Okawaru gifted it to you on level 3 of the
                  | Abyss)
 38593 | Abyss:3  | Received a gift from Okawaru
 38599 | Abyss:3  | 38599 ||| Stepping ~*~*~tactically~*~*~ (stealth).
 38600 | Abyss:3  | 38600 ||| Stepping ~*~*~tactically~*~*~ (hiding).
 38668 | Abyss:3  | 38668 ||| Stepping ~*~*~tactically~*~*~ (stealth).
 38679 | Abyss:3  | 38679 ||| Stepping ~*~*~tactically~*~*~ (stealth).
 38717 | Abyss:3  | 38717 ||| Stepping ~*~*~tactically~*~*~ (stealth).
 38738 | Abyss:3  | Found a corrupted altar of Lugonu.
 38739 | Abyss:3  | 38739 ||| Stepping ~*~*~tactically~*~*~ (stealth).
 38742 | Abyss:3  | 38742 ||| Stepping ~*~*~tactically~*~*~ (stealth).
 38744 | Abyss:3  | 38744 ||| Stepping ~*~*~tactically~*~*~ (stealth).
 38761 | Abyss:3  | Reached XP level 20. HP: 131/131 MP: 0/27
 38774 | Vaults:2 | Escaped the Abyss
 38782 | Vaults:2 | 38782 ||| FLEEEEING.
 38866 | Vaults:2 | 38866 ||| READING 2 scrolls of enchant armour.
 38866 | Vaults:2 | 38866 ||| ENCHANTING +6 plate armour.
 38867 | Vaults:2 | 38867 ||| READING scroll of enchant armour.
 38867 | Vaults:2 | 38867 ||| ENCHANTING +7 plate armour.
 38896 | Vaults:2 | 38896 ||| Stepping ~*~*~tactically~*~*~ (hiding).
 39252 | Vaults:2 | Identified the +5 morningstar of Springtime {pain, rElec
                  | Will++ Str+3 Stlth-}
 39647 | Vaults:3 | Identified the +6 scale mail of Existentialism {Str+5
                  | Int+3}
 39792 | Vaults:3 | Received a gift from Okawaru
 39879 | Vaults:3 | Noticed Bai Suzhen
 39892 | Vaults:3 | Killed Bai Suzhen
 39893 | Vaults:3 | Reached skill level 17 in Fighting
 39938 | Vaults:3 | Identified the +5 broad axe of Pandemonium {venom, rF+++
                  | rC- rN+} (Okawaru gifted it to you on level 3 of the
                  | Vaults)
 39938 | Vaults:3 | Received a gift from Okawaru
 40108 | Vaults:3 | Found a portal to a secret trove of treasure.
 40134 | Vaults:3 | 40134 ||| Stepping ~*~*~tactically~*~*~ (hiding).
 40135 | Vaults:3 | 40135 ||| Stepping ~*~*~tactically~*~*~ (hiding).
 40136 | Vaults:3 | 40136 ||| Stepping ~*~*~tactically~*~*~ (hiding).
 40138 | Vaults:3 | 40138 ||| Stepping ~*~*~tactically~*~*~ (hiding).
 40139 | Vaults:3 | 40139 ||| Stepping ~*~*~tactically~*~*~ (hiding).
 40140 | Vaults:3 | 40140 ||| Stepping ~*~*~tactically~*~*~ (hiding).
 40161 | Vaults:3 | 40161 ||| Stepping ~*~*~tactically~*~*~ (stealth).
 40173 | Vaults:3 | 40173 ||| Stepping ~*~*~tactically~*~*~ (stealth).
 40418 | Vaults:3 | 40418 ||| Stepping ~*~*~tactically~*~*~ (hiding).
 40419 | Vaults:3 | 40419 ||| Stepping ~*~*~tactically~*~*~ (hiding).
 40853 | Vaults:3 | 40853 ||| DRINKING 12 potions of curing.
 40853 | Vaults:3 | 40853 ||| (to cure confusion)
 40974 | Vaults:3 | Found a staircase to the Crypt.
 40974 | Vaults:3 | Found a basalt altar of Yredelemnul.
 40975 | Vaults:3 | 40975 ||| Stepping ~*~*~tactically~*~*~ (hiding).
 41010 | Vaults:3 | Found an ancient bone altar of Kikubaaqudgha.
 41358 | Vaults:3 | 41358 ||| FLEEEEING.
 41359 | Vaults:3 | 41359 ||| FLEEEEING.
 41360 | Vaults:3 | 41360 ||| FLEEEEING.
 41361 | Vaults:3 | 41361 ||| FLEEEEING.
 41362 | Vaults:3 | 41362 ||| FLEEEEING.
 41363 | Vaults:3 | 41363 ||| FLEEEEING.
 41364 | Vaults:3 | 41364 ||| FLEEEEING.
 41365 | Vaults:3 | 41365 ||| FLEEEEING.
 41366 | Vaults:3 | 41366 ||| FLEEEEING.
 41367 | Vaults:3 | 41367 ||| FLEEEEING.
 41368 | Vaults:3 | 41368 ||| FLEEEEING.
 41369 | Vaults:3 | 41369 ||| FLEEEEING.
 41370 | Vaults:3 | 41370 ||| FLEEEEING.
 41371 | Vaults:3 | 41371 ||| FLEEEEING.
 41372 | Vaults:3 | 41372 ||| FLEEEEING.
 41373 | Vaults:3 | 41373 ||| FLEEEEING.
 41374 | Vaults:3 | 41374 ||| FLEEEEING.
 41375 | Vaults:3 | 41375 ||| FLEEEEING.
 41376 | Vaults:3 | 41376 ||| FLEEEEING.
 41377 | Vaults:3 | 41377 ||| FLEEEEING.
 41378 | Vaults:3 | 41378 ||| FLEEEEING.
 41379 | Vaults:3 | 41379 ||| FLEEEEING.
 41380 | Vaults:3 | 41380 ||| FLEEEEING.
 41381 | Vaults:3 | 41381 ||| FLEEEEING.
 41382 | Vaults:3 | 41382 ||| FLEEEEING.
 41383 | Vaults:3 | 41383 ||| FLEEEEING.
 41384 | Vaults:3 | 41384 ||| FLEEEEING.
 41385 | Vaults:3 | 41385 ||| FLEEEEING.
 41386 | Vaults:3 | 41386 ||| FLEEEEING.
 41387 | Vaults:3 | 41387 ||| FLEEEEING.
 41388 | Vaults:3 | 41388 ||| FLEEEEING.
 41389 | Vaults:3 | 41389 ||| FLEEEEING.
 41390 | Vaults:3 | 41390 ||| FLEEEEING.
 41391 | Vaults:3 | 41391 ||| FLEEEEING.
 41392 | Vaults:3 | 41392 ||| FLEEEEING.
 41393 | Vaults:3 | 41393 ||| FLEEEEING.
 41394 | Vaults:3 | 41394 ||| FLEEEEING.
 41395 | Vaults:3 | 41395 ||| STAIRDANCE
 41404 | Vaults:3 | 41404 ||| FLEEEEING.
 41405 | Vaults:3 | 41405 ||| STAIRDANCE
 41896 | Vaults:4 | Received a gift from Okawaru
 42019 | Vaults:4 | 42019 ||| FLEEEEING.
 42020 | Vaults:4 | 42020 ||| FLEEEEING.
 42023 | Vaults:4 | 42023 ||| FLEEEEING.
 42024 | Vaults:4 | 42024 ||| FLEEEEING.
 42025 | Vaults:4 | 42025 ||| FLEEEEING.
 42026 | Vaults:4 | 42026 ||| FLEEEEING.
 42027 | Vaults:4 | 42027 ||| FLEEEEING.
 42028 | Vaults:4 | 42028 ||| FLEEEEING.
 42029 | Vaults:4 | 42029 ||| FLEEEEING.
 42030 | Vaults:4 | 42030 ||| FLEEEEING.
 42031 | Vaults:4 | 42031 ||| FLEEEEING.
 42032 | Vaults:4 | 42032 ||| FLEEEEING.
 42033 | Vaults:4 | 42033 ||| FLEEEEING.
 42034 | Vaults:4 | 42034 ||| FLEEEEING.
 42035 | Vaults:4 | 42035 ||| FLEEEEING.
 42037 | Vaults:4 | 42037 ||| FLEEEEING.
 42039 | Vaults:4 | 42039 ||| FLEEEEING.
 42041 | Vaults:4 | 42041 ||| FLEEEEING.
 42043 | Vaults:4 | 42043 ||| FLEEEEING.
 42047 | Vaults:4 | 42047 ||| FLEEEEING.
 42049 | Vaults:4 | 42049 ||| FLEEEEING.
 42063 | Vaults:4 | Reached ****** piety under Okawaru
 42064 | Vaults:4 | Received a gift from Okawaru
 42071 | Vaults:4 | Reached skill level 18 in Fighting
 42075 | Vaults:4 | Paralysed by a great orb of eyes for 4 turns
 42337 | Vaults:4 | Noticed Zenata
 42338 | Vaults:4 | 42338 ||| INVOKING Heroism.
 42339 | Vaults:4 | 42339 ||| INVOKING Finesse.
 42351 | Vaults:4 | Killed Zenata
 42799 | Vaults:4 | 42799 ||| Stepping ~*~*~tactically~*~*~ (stealth).
 42854 | Vaults:4 | 42854 ||| Stepping ~*~*~tactically~*~*~ (stealth).
 42908 | Vaults:4 | Reached XP level 21. HP: 94/141 MP: 0/28
 43087 | Vaults:4 | 43087 ||| Stepping ~*~*~tactically~*~*~ (hiding).
 43088 | Vaults:4 | 43088 ||| Stepping ~*~*~tactically~*~*~ (hiding).
 43292 | Vaults:4 | 43292 ||| Stepping ~*~*~tactically~*~*~ (hiding).
 43450 | Vaults:4 | 43450 ||| INVOKING Heroism.
 43556 | Vaults:4 | 43556 ||| Stepping ~*~*~tactically~*~*~ (stealth).
 43726 | Vaults:4 | 43726 ||| Stepping ~*~*~tactically~*~*~ (hiding).
 43813 | Vaults:4 | 43813 ||| PLANNING SPIDER:4
 44147 | Spider:4 | Entered Level 4 of the Spider Nest
 44322 | Spider:4 | 44322 ||| Stepping ~*~*~tactically~*~*~ (hiding).
 44327 | Spider:4 | 44327 ||| Stepping ~*~*~tactically~*~*~ (hiding).
 44492 | Spider:4 | Received a gift from Okawaru
 44766 | Spider:4 | Noticed Arachne
 44785 | Spider:4 | Killed Arachne
 44919 | Spider:4 | 44919 ||| Stepping ~*~*~tactically~*~*~ (stealth).
 45094 | Spider:4 | 45094 ||| Stepping ~*~*~tactically~*~*~ (stealth).
 45252 | Spider:4 | 45252 ||| Stepping ~*~*~tactically~*~*~ (stealth).
 45300 | Spider:4 | Reached skill level 18 in Armour
 45334 | Spider:4 | Received a gift from Okawaru
 45490 | Spider:4 | 45490 ||| FLEEEEING.
 45491 | Spider:4 | 45491 ||| FLEEEEING.
 45492 | Spider:4 | 45492 ||| FLEEEEING.
 45589 | Spider:4 | Identified the +1 hat "Susoimue" {rC- Str+3 Dex+10 Stlth-}
 45722 | Spider:4 | Got a gossamer rune of Zot
 45767 | Spider:4 | 45767 ||| PLANNING DEPTHS
 45999 | Depths:1 | Entered Level 1 of the Depths
 46054 | Depths:1 | Found a one-way gate to the infinite horrors of the Abyss.
 46065 | Depths:1 | Reached skill level 19 in Fighting
 46221 | Depths:1 | 46221 ||| INVOKING Heroism.
 46336 | Depths:1 | 46336 ||| INVOKING Heroism.
 46430 | Depths:1 | 46430 ||| INVOKING Heroism.
 46431 | Depths:1 | 46431 ||| INVOKING Finesse.
 46564 | Depths:1 | Found a gateway to Hell.
 46918 | Depths:1 | 46918 ||| Stepping ~*~*~tactically~*~*~ (hiding).
 46923 | Depths:1 | 46923 ||| INVOKING Heroism.
 47164 | Depths:1 | Received a gift from Okawaru
 47274 | Depths:1 | Found a one-way gate leading to the halls of Pandemonium.
 47425 | Depths:1 | 47425 ||| Stepping ~*~*~tactically~*~*~ (hiding).
 47585 | Depths:1 | 47585 ||| DROPPING scarf of invisibility.
 47703 | Depths:2 | Received a gift from Okawaru
 47729 | Depths:2 | 47729 ||| STAIRDANCE
 47809 | Depths:2 | 47809 ||| STAIRDANCE
 48039 | Depths:2 | 48039 ||| Stepping ~*~*~tactically~*~*~ (stealth).
 48055 | Depths:2 | 48055 ||| Stepping ~*~*~tactically~*~*~ (stealth).
 48058 | Depths:2 | 48058 ||| Stepping ~*~*~tactically~*~*~ (stealth).
 48096 | Depths:2 | 48096 ||| INVOKING Heroism.
 48097 | Depths:2 | 48097 ||| INVOKING Finesse.
 48114 | Depths:2 | 48114 ||| Stepping ~*~*~tactically~*~*~ (stealth).
 48115 | Depths:2 | 48115 ||| Stepping ~*~*~tactically~*~*~ (stealth).
 48117 | Depths:2 | 48117 ||| Stepping ~*~*~tactically~*~*~ (stealth).
 48118 | Depths:2 | 48118 ||| Stepping ~*~*~tactically~*~*~ (stealth).
 48119 | Depths:2 | 48119 ||| Stepping ~*~*~tactically~*~*~ (stealth).
 48121 | Depths:2 | Reached XP level 22. HP: 149/149 MP: 2/29
 48277 | Depths:2 | Received a gift from Okawaru
 48531 | Depths:2 | Identified the +6 swamp dragon scales "Duagyluh" {rPois
                  | Will+ Int+3} (Okawaru gifted it to you on level 2 of the
                  | Depths)
 48531 | Depths:2 | Received a gift from Okawaru
 48864 | Depths:2 | Identified the +4 war axe "Oczatt" {freeze, Str+4 Stlth+}
 48880 | Depths:2 | 48880 ||| Stepping ~*~*~tactically~*~*~ (stealth).
 48923 | Depths:2 | 48923 ||| Stepping ~*~*~tactically~*~*~ (stealth).
 48924 | Depths:2 | 48924 ||| Stepping ~*~*~tactically~*~*~ (stealth).
 48966 | Depths:2 | 48966 ||| FLEEEEING.
 48967 | Depths:2 | 48967 ||| FLEEEEING.
 48970 | Depths:2 | 48970 ||| FLEEEEING.
 48971 | Depths:2 | 48971 ||| FLEEEEING.
 48972 | Depths:2 | 48972 ||| FLEEEEING.
 48973 | Depths:2 | 48973 ||| FLEEEEING.
 48974 | Depths:2 | 48974 ||| FLEEEEING.
 48975 | Depths:2 | 48975 ||| FLEEEEING.
 48976 | Depths:2 | 48976 ||| FLEEEEING.
 48977 | Depths:2 | 48977 ||| FLEEEEING.
 48981 | Depths:2 | 48981 ||| FLEEEEING.
 48982 | Depths:2 | 48982 ||| FLEEEEING.
 48983 | Depths:2 | 48983 ||| FLEEEEING.
 48984 | Depths:2 | 48984 ||| FLEEEEING.
 48985 | Depths:2 | 48985 ||| FLEEEEING.
 48986 | Depths:2 | 48986 ||| FLEEEEING.
 48993 | Depths:2 | 48993 ||| INVOKING Heroism.
 49236 | Depths:2 | Identified the +2 long sword of Waoboud {antimagic, Dex+4}
 49269 | Depths:2 | 49269 ||| READING scroll of enchant armour.
 49269 | Depths:2 | 49269 ||| ENCHANTING +8 plate armour.
 49274 | Depths:2 | 49274 ||| Stepping ~*~*~tactically~*~*~ (stealth).
 49276 | Depths:2 | 49276 ||| Stepping ~*~*~tactically~*~*~ (stealth).
 49278 | Depths:2 | 49278 ||| INVOKING Heroism.
 49279 | Depths:2 | 49279 ||| INVOKING Finesse.
 49288 | Depths:2 | Reached skill level 20 in Fighting
 49493 | Depths:2 | 49493 ||| Stepping ~*~*~tactically~*~*~ (stealth).
 49494 | Depths:2 | 49494 ||| Stepping ~*~*~tactically~*~*~ (stealth).
 49495 | Depths:2 | 49495 ||| Stepping ~*~*~tactically~*~*~ (stealth).
 49496 | Depths:2 | 49496 ||| Stepping ~*~*~tactically~*~*~ (stealth).
 49795 | Depths:2 | Noticed an ancient lich
 49796 | Depths:2 | 49796 ||| INVOKING Heroism.
 49797 | Depths:2 | 49797 ||| INVOKING Finesse.
 49807 | Depths:2 | Killed an ancient lich
 49985 | Depths:2 | Paralysed by a floating eye for 2 turns
 50008 | Depths:2 | 50008 ||| INVOKING Heroism.
 50040 | Depths:2 | 50040 ||| DRINKING 14 potions of curing.
 50040 | Depths:2 | 50040 ||| (to cure confusion)
 50072 | Depths:2 | 50072 ||| Stepping ~*~*~tactically~*~*~ (cloud).
 50074 | Depths:2 | 50074 ||| Stepping ~*~*~tactically~*~*~ (cloud).
 50292 | Depths:2 | 50292 ||| DROPPING +2 plate armour of cold resistance.
 50558 | Depths:3 | 50558 ||| Stepping ~*~*~tactically~*~*~ (stealth).
 50562 | Depths:3 | 50562 ||| INVOKING Heroism.
 50590 | Depths:3 | 50590 ||| Stepping ~*~*~tactically~*~*~ (stealth).
 50595 | Depths:3 | 50595 ||| INVOKING Heroism.
 50660 | Depths:3 | 50660 ||| Stepping ~*~*~tactically~*~*~ (stealth).
 50680 | Depths:3 | 50680 ||| Stepping ~*~*~tactically~*~*~ (stealth).
 50681 | Depths:3 | 50681 ||| Stepping ~*~*~tactically~*~*~ (stealth).
 50682 | Depths:3 | 50682 ||| Stepping ~*~*~tactically~*~*~ (stealth).
 50683 | Depths:3 | 50683 ||| Stepping ~*~*~tactically~*~*~ (stealth).
 50684 | Depths:3 | 50684 ||| Stepping ~*~*~tactically~*~*~ (stealth).
 50686 | Depths:3 | 50686 ||| INVOKING Heroism.
 50768 | Depths:3 | Found the +8 storm bow {elec, penet}
 50770 | Depths:3 | Found a transporter.
 50831 | Depths:3 | 50831 ||| Stepping ~*~*~tactically~*~*~ (stealth).
 50833 | Depths:3 | Paralysed by a floating eye for 3 turns
 50850 | Depths:3 | 50850 ||| Stepping ~*~*~tactically~*~*~ (stealth).
 50884 | Depths:3 | 50884 ||| Stepping ~*~*~tactically~*~*~ (stealth).
 50900 | Depths:3 | 50900 ||| Stepping ~*~*~tactically~*~*~ (stealth).
 50912 | Depths:3 | 50912 ||| Stepping ~*~*~tactically~*~*~ (stealth).
 51039 | Depths:3 | Found a one-way gateway to a ziggurat.
 51113 | Depths:3 | Found a transporter.
 51259 | Depths:3 | 51259 ||| INVOKING Heroism.
 51260 | Depths:3 | 51260 ||| INVOKING Finesse.
 51275 | Depths:3 | Reached skill level 21 in Shields
 51297 | Depths:3 | Received a gift from Okawaru
 51501 | Depths:3 | Paralysed by a floating eye for 3 turns
 51515 | Depths:3 | Paralysed by a floating eye for 2 turns
 51522 | Depths:3 | Paralysed by a floating eye for 2 turns
 51529 | Depths:3 | Paralysed by a floating eye for 3 turns
 51708 | Depths:3 | Found a viscous altar of Jiyva.
 51709 | Depths:3 | 51709 ||| INVOKING Heroism.
 51714 | Depths:3 | 51714 ||| DRINKING 5 potions of cancellation.
 51724 | Depths:3 | 51724 ||| READING 10 scrolls of teleportation.
 51725 | Depths:3 | HP: 30/153 [acid (9)]
 51726 | Depths:3 | Reached XP level 23. HP: 31/158 MP: 0/30
 51726 | Depths:3 | 51726 ||| DRINKING 5 potions of heal wounds.
 51937 | Depths:3 | 51937 ||| DROPPING +0 broad axe.
 51938 | Depths:3 | 51938 ||| DROPPING +4 war axe "Oczatt" {freeze, Str+4
                  | Stlth+}.
 51956 | Depths:3 | 51956 ||| Stepping ~*~*~tactically~*~*~ (hiding).
 51960 | Depths:3 | 51960 ||| INVOKING Heroism.
 52069 | Depths:3 | 52069 ||| Stepping ~*~*~tactically~*~*~ (cloud).
 52214 | Depths:3 | 52214 ||| INVOKING Heroism.
 52220 | Depths:3 | 52220 ||| INVOKING Finesse.
 52374 | Depths:3 | Reached skill level 21 in Fighting
 52439 | Depths:3 | 52439 ||| INVOKING Heroism.
 52440 | Depths:3 | 52440 ||| INVOKING Finesse.
 52526 | Depths:3 | Gained mutation: You are weak. (Str -2) [a shining eye]
 52597 | Depths:3 | 52597 ||| INVOKING Heroism.
 52701 | Depths:3 | 52701 ||| Stepping ~*~*~tactically~*~*~ (hiding).
 52852 | Depths:4 | Entered Level 4 of the Depths
 52878 | Depths:4 | 52878 ||| DRINKING 13 potions of curing.
 52878 | Depths:4 | 52878 ||| (to cure confusion)
 52878 | Depths:4 | Paralysed by a sphinx for 2 turns
 52990 | Depths:4 | 52990 ||| Stepping ~*~*~tactically~*~*~ (hiding).
 53065 | Depths:4 | 53065 ||| Stepping ~*~*~tactically~*~*~ (stealth).
 53073 | Depths:4 | 53073 ||| Stepping ~*~*~tactically~*~*~ (stealth).
 53075 | Depths:4 | 53075 ||| Stepping ~*~*~tactically~*~*~ (hiding).
 53114 | Depths:4 | 53114 ||| Stepping ~*~*~tactically~*~*~ (stealth).
 53116 | Depths:4 | Noticed a juggernaut
 53116 | Depths:4 | 53116 ||| INVOKING Heroism.
 53235 | Depths:4 | 53235 ||| Stepping ~*~*~tactically~*~*~ (stealth).
 53292 | Depths:4 | 53292 ||| Stepping ~*~*~tactically~*~*~ (hiding).
 53298 | Depths:4 | 53298 ||| Stepping ~*~*~tactically~*~*~ (stealth).
 53309 | Depths:4 | Reached skill level 12 in Throwing
 53309 | Depths:4 | 53309 ||| Stepping ~*~*~tactically~*~*~ (hiding).
 53373 | Depths:4 | 53373 ||| Stepping ~*~*~tactically~*~*~ (stealth).
 53381 | Depths:4 | 53381 ||| Stepping ~*~*~tactically~*~*~ (hiding).
 53461 | Depths:4 | 53461 ||| Stepping ~*~*~tactically~*~*~ (hiding).
 53587 | Depths:4 | 53587 ||| Stepping ~*~*~tactically~*~*~ (stealth).
 53588 | Depths:4 | Noticed Xtahua
 53589 | Depths:4 | 53589 ||| DRINKING 3 potions of resistance.
 53590 | Depths:4 | 53590 ||| INVOKING Heroism.
 53592 | Depths:4 | 53592 ||| INVOKING Finesse.
 53606 | Depths:4 | Killed Xtahua
 53712 | Depths:4 | Found Wemoden's Book Boutique.
 53717 | Depths:4 | Found Boduitor's Antique Weapon Boutique.
 53770 | Depths:4 | 53770 ||| Stepping ~*~*~tactically~*~*~ (stealth).
 53772 | Depths:4 | 53772 ||| Stepping ~*~*~tactically~*~*~ (stealth).
 53778 | Depths:4 | 53778 ||| INVOKING Heroism.
 53799 | Depths:4 | 53799 ||| Stepping ~*~*~tactically~*~*~ (hiding).
 53941 | Depths:4 | Found a gate to the Realm of Zot.
 54035 | Depths:4 | 54035 ||| Stepping ~*~*~tactically~*~*~ (stealth).
 54037 | Depths:4 | 54037 ||| Stepping ~*~*~tactically~*~*~ (hiding).
 54040 | Depths:4 | 54040 ||| Stepping ~*~*~tactically~*~*~ (hiding).
 54185 | Depths:4 | Found a transporter.
 54196 | Depths:4 | Found a transporter.
 54230 | Depths:4 | Reached skill level 21 in Armour
 54348 | Depths:4 | Found a transporter.
 54506 | Depths:4 | Found Vajutoek's Distillery.
 54507 | Depths:4 | 54507 ||| INVOKING Heroism.
 54508 | Depths:4 | 54508 ||| INVOKING Finesse.
 54596 | Depths:4 | 54596 ||| BUYING potion of attraction (45 gold).
 54596 | Depths:4 | Bought a potion of attraction for 45 gold pieces
 54596 | Depths:4 | 54596 ||| BUYING potion of cancellation (120 gold).
 54596 | Depths:4 | Bought a potion of cancellation for 120 gold pieces
 54596 | Depths:4 | 54596 ||| BUYING potion of cancellation (120 gold).
 54596 | Depths:4 | Bought a potion of cancellation for 120 gold pieces
 54596 | Depths:4 | 54596 ||| BUYING potion of curing (45 gold).
 54596 | Depths:4 | Bought a potion of curing for 45 gold pieces
 54596 | Depths:4 | 54596 ||| BUYING potion of lignification (45 gold).
 54596 | Depths:4 | Bought a potion of lignification for 45 gold pieces
 54596 | Depths:4 | 54596 ||| BUYING potion of lignification (45 gold).
 54596 | Depths:4 | Bought a potion of lignification for 45 gold pieces
 54596 | Depths:4 | 54596 ||| BUYING potion of mutation (120 gold).
 54596 | Depths:4 | Bought a potion of mutation for 120 gold pieces
 54596 | Depths:4 | 54596 ||| BUYING potion of resistance (150 gold).
 54596 | Depths:4 | Bought a potion of resistance for 150 gold pieces
 54686 | Depths:4 | 54686 ||| PLANNING VAULTS:5
 54960 | Vaults:5 | Entered Level 5 of the Vaults
 54963 | Vaults:5 | 54963 ||| INVOKING Heroism.
 54968 | Vaults:5 | Received a gift from Okawaru
 54977 | Vaults:5 | Reached skill level 9 in Dodging
 54991 | Vaults:5 | 54991 ||| STAIRDANCE
 55087 | Vaults:5 | 55087 ||| STAIRDANCE
 55089 | Vaults:4 | 55089 ||| INVOKING Heroism.
 55090 | Vaults:4 | 55090 ||| INVOKING Finesse.
 55191 | Vaults:5 | 55191 ||| STAIRDANCE
 55292 | Vaults:5 | Received a gift from Okawaru
 55330 | Vaults:5 | Noticed Sojobo
 55340 | Vaults:5 | Paralysed by an air elemental for 1 turns
 55354 | Vaults:5 | Reached skill level 22 in Fighting
 55354 | Vaults:5 | Paralysed by an air elemental for 1 turns
 55358 | Vaults:5 | HP: 36/162 [Sojobo/bolt of lightning (13)]
 55359 | Vaults:5 | 55359 ||| READING 9 scrolls of teleportation.
 55360 | Vaults:5 | 55360 ||| DRINKING 5 potions of heal wounds.
 55361 | Vaults:5 | Paralysed by an air elemental for 1 turns
 55363 | Vaults:5 | HP: 37/162 [Sojobo/+2 triple sword of freezing (10)]
 55364 | Vaults:5 | 55364 ||| DRINKING 4 potions of heal wounds.
 55372 | Vaults:5 | HP: 25/157 [shadow dragon/bolt of negative energy (22)]
 55373 | Vaults:5 | 55373 ||| READING 8 scrolls of teleportation.
 55373 | Vaults:5 | HP: 9/157 [vault warden/+0 battleaxe (18)]
 55373 | Vaults:5 | HP: 4/157 [stone giant (5)]
 55373 | Vaults:5 | Slain by an ironbound convoker

Levels and vault maps discovered:
D:1:      minmay_arrival_wavy_path, layout_basic
D:2:      layout_basic, ebering_ecumenical_altar_mist
D:3:      layout_rooms, nemelex_diamond_rough_becter
D:4:      layout_loops_cross, serial_aquarium, aquarium_bridge_square
          [aquarium_subvault_balcony, aquarium_subvault_bridge,
          aquarium_subvault_wall, aquarium_subvault_wall],
          aquarium_bridge_straight [aquarium_subvault_bridge,
          aquarium_subvault_window, aquarium_subvault_bridge,
          aquarium_subvault_wall], aquarium_window_1,
          aquarium_window_corridor_3, aquarium_window_fake,
          aquarium_window_fake, aquarium_view_2f, aquarium_view_2b,
          aquarium_balcony_3a, hex_tiny
D:5:      layout_loops_cross, minmay_temple_entry_junction_2, uniq_sigmund,
          uniq_ijyb
D:6:      layout_rooms, hellmonk_okawaru_the_only_friend_you_need, serial_shops,
          nicolae_shop_window_shopping, kennysheep_generic_room_14, uniq_edmund
D:7:      layout_basic, nicolae_overflow_crystal_walls, corexii_leaking_fountain
D:8:      layout_rooms, nicolae_grassy_gnolls, uniq_joseph
D:9:      layout_roguey, nicolae_overflow_hallway_of_the_gods,
          ploomutoo_gammafunk_ghost_potion_laboratory, supply_closet_lemuel,
          uniq_prince_ribbit1
D:10:     layout_basic, enter_bailey_2, uniq_maggie
D:11:     layout_cave_pools, minmay_lair_entry_grove,
          chequers_serial_rivers_room_b, grunt_decor_cap, uniq_erica, uniq_grum
D:12:     layout_big_octagon
D:13:     layout_basic, serial_shops, shop
D:14:     layout_layer_cave, erik_vaults_2, nicolae_lava_and_water
D:15:     grunt_enter_depths_snipers, layout_irregular_city, serial_shops,
          nicolae_shop_rolling_square, kennysheep_crisscross, nrook_mini_vaults,
          minmay_statue_bubble
Temple:   nicolae_temple_god_jail
Lair:1:   layout_regular_city, uniq_nergalle, uniq_gastronok
Lair:2:   layout_gridlike, nicolae_spider_entry_orb_guardian,
          grunt_megastairs_5, infiniplex_staircase_pool, uniq_fannar
Lair:3:   lemuel_ratsnest, layout_regular_city, elwin_shoals_entry_rooms,
          gauntlet_entry_generic
Lair:4:   layout_loops_ring, grunt_megastairs_2, uniq_kirke
Lair:5:   evilmike_catoblepas_cave, layout_layer_cave, slime_entry_1,
          portal_ice_cave_entry_ice_simulacra, serial_bayou_shore_b,
          lemuel_fruit_fields
Shoals:1: layout_shoals, serial_shops, shop, nicolae_shop_rolling_square, shop,
          shop, nicolae_shop_bloodbath_and_beyond,
          nicolae_shoals_arrival_archipelago
Shoals:2: layout_shoals, nicolae_shoals_water_shrine, uniq_mlioglotl,
          uniq_aizul, uniq_ilsuiw
Shoals:3: cheibrodos_shoals_gigantism, layout_shoals
Shoals:4: shoals_end_simple, layout_shoals, nicolae_shoals_water_booths,
          uniq_mara
Spider:1: layout_spider_delve, uniq_nikola, uniq_asterion, uniq_roxanne
Spider:2: layout_spider_delve
Spider:3: gammafunk_sealed_arena, uniq_azrael, uniq_louise
Spider:4: guppyfry_spider_rune, hellmonk_test_site, uniq_arachne
Orc:1:    layout_diamond_mine, serial_shops, shop
Orc:2:    st_orc_rangers, layout_caves, uniq_jorgrun
Vaults:1: nicolae_vaults_storage_closets_1, v_misc_11,
          nicolae_vaults_sealed_display, nicolae_vaults_ellipses_ellipsis,
          minmay_guarded_unrand_secular_launcher, nicolae_vaults_turnstiles,
          nicolae_vaults_little_squares_6, nicolae_vaults_theta,
          layout_vaults_ring, serial_shops, nicolae_shop_drivethru
Vaults:2: nicolae_vaults_more_shelving_1, v_misc_33, hangedman_vaults_corner,
          vaults_dpeg_ring, ontoclasm_vaults_ring_large,
          nicolae_vaults_surprise_closet, grunt_vaults_hallway_short,
          nicolae_vaults_heist, v_misc_15, nicolae_vaults_variable_pillar_hall,
          nicolae_vaults_offset_grid_hallway_3, nicolae_vaults_diamond_1,
          vaults_room_semicircle, layout_vaults_big_room
Vaults:3: minmay_crypt_entry_necro_gods, ontoclasm_vaults_pinch,
          nicolae_vaults_cornered_office, nicolae_vaults_storage_room_statues,
          vaults_room_pool, nicolae_vaults_house_1, layout_vaults_omnigrid,
          enter_trove_5, uniq_bai_suzhen
Vaults:4: nicolae_vaults_cornered_office, nicolae_vaults_back_hallway,
          v_misc_11, nicolae_vaults_closet_pinwheel_4, grunt_vaults_focal,
          hangedman_vaults_snaps, hangedman_vaults_slice,
          nicolae_vaults_tangram_1, vaults_room_stairs_pillars,
          vaults_dpeg_encased_lava, layout_vaults_omnicross, uniq_zenata
Vaults:5: uniq_mennas, uniq_sojobo
Depths:1: layout_gridlike, grunt_hell_entry_dis_mu, minmay_room_of_horrors,
          pan_entry, kennysheep_dice
Depths:2: lemuel_river_lethe, pan_entry, hell_entry, abyss_entry
Depths:3: gammafunk_dig_for_victory, layout_gridlike, enter_ziggurat_f,
          nicolae_abyss_entry_one_way_or_another, minmay_holes, special_room
          [special_room_jelly], grunt_metal_band
Depths:4: grunt_zot_entry_funnels, layout_basic, rand_demon_pan_entry_5,
          hell_entry, serial_shops, nicolae_shop_rolling_square, abyss_entry,
          nicolae_diode_intersection, minmay_shop_star, uniq_xtahua

Skill      XL: |  1  2  3  4  5  6  7  8  9 10 11 12 13 14 15 16 17 18 19 20 21 22 23 |
---------------+----------------------------------------------------------------------+-----
Axes           | 2 3 4 5 6 7 9 10 11 12 13 14 16 17 18 | 18.0
Fighting       | 4 5 6 7 9 10 11 12 13 15 16 18 19 20 22 | 22.0
Dodging        | 1 2 3 4 5 6 7 8 9 |  9.1
Shields        | 4 5 6 7 8 11 13 14 18 19 20 21 | 21.0
Armour         | 5 7 9 11 12 13 15 16 17 19 20 21 | 21.0
Invocations    | 2 4 7 10 | 10.1
Throwing       | 1 3 4 7 9 10 11 12 | 12.0

Action                     |  1- 3 |  4- 6 |  7- 9 | 10-12 | 13-15 | 16-18 | 19-21 | 22-24 || total
---------------------------+-------+-------+-------+-------+-------+-------+-------+-------++-------
  Melee: War axe           |    74 |   152 |   342 |   404 |   630 |       |       |       ||  1602
         Broad axe         |       |       |       |       |   287 |  1335 |  1508 |  1000 ||  4130
         Morningstar       |       |       |       |       |     1 |       |       |       ||     1
  Throw: Boomerang         |       |       |       |    38 |    52 |   168 |   140 |    33 ||   431
         Javelin           |       |       |       |     9 |    11 |    13 |   104 |    63 ||   200
 Invoke: Heroism           |       |       |     2 |    17 |    26 |    40 |    10 |    19 ||   114
         Finesse           |       |       |       |       |     4 |     2 |     6 |     8 ||    20
    Use: Scroll            |     4 |     4 |    12 |     1 |    11 |     6 |     3 |     4 ||    45
         Potion            |       |     1 |     2 |     1 |     2 |     3 |     1 |     7 ||    17
   Stab: Petrified         |       |       |       |       |     5 |       |       |       ||     5
         Distracted        |       |       |       |       |       |       |     1 |       ||     1
 Armour: Scale mail        |    32 |    55 |    65 |       |       |       |       |       ||   152
         Chain mail        |       |       |    55 |    53 |       |       |       |       ||   108
         Plate armour      |       |       |       |    92 |   309 |   477 |   403 |   516 ||  1797
  Dodge: Dodged            |    25 |   113 |   199 |   177 |   286 |   474 |   364 |   403 ||  2041
  Block: Buckler           |    10 |    33 |    69 |   147 |   283 |       |       |       ||   542
         Reflection        |       |       |       |    25 |    16 |    98 |    47 |     9 ||   195
         Kite shield       |       |       |       |       |    95 |   743 |       |       ||   838
         Tower shield      |       |       |       |       |       |   444 |  1342 |  1133 ||  2919

Table legend:
 A = Non-vault XP
 B = Vault XP
 C = Vault XP percentage of total XP
 D = Non-vault monster count
 E = Vault monster count
 F = Vault count percentage of total count
                 A         B        C        D         E       F
            +---------+---------+-------+---------+---------+-------
      Total |  445797 |  380772 |  46.1 |    1071 |     586 |  35.4
            +---------+---------+-------+---------+---------+-------
        D:1 |      28 |       0 |   0.0 |      18 |       0 |   0.0
        D:2 |      65 |       0 |   0.0 |      15 |       0 |   0.0
        D:3 |      78 |       0 |   0.0 |      14 |       0 |   0.0
        D:4 |     357 |       0 |   0.0 |      25 |       0 |   0.0
        D:5 |     989 |     247 |  20.0 |      19 |       2 |   9.5
        D:6 |    1359 |     166 |  10.9 |      22 |       1 |   4.3
        D:7 |    1123 |       0 |   0.0 |      21 |       0 |   0.0
        D:8 |    1473 |     632 |  30.0 |      22 |       6 |  21.4
        D:9 |    3508 |     264 |   7.0 |      14 |       1 |   6.7
       D:10 |    3001 |     389 |  11.5 |      11 |       1 |   8.3
       D:11 |    6041 |    4275 |  41.4 |      31 |      17 |  35.4
       D:12 |    7117 |       0 |   0.0 |      16 |       0 |   0.0
       D:13 |    5440 |       0 |   0.0 |      13 |       0 |   0.0
       D:14 |    5873 |    6786 |  53.6 |      16 |       8 |  33.3
       D:15 |   16729 |    2724 |  14.0 |      31 |       3 |   8.8
     Lair:1 |    6789 |    2214 |  24.6 |      30 |       2 |   6.2
     Lair:2 |    4272 |    4164 |  49.4 |      15 |      11 |  42.3
     Lair:3 |    4135 |    1179 |  22.2 |      17 |      35 |  67.3
     Lair:4 |    5743 |    3257 |  36.2 |      15 |       9 |  37.5
     Lair:5 |   11010 |   12627 |  53.4 |      29 |      29 |  50.0
   Shoals:1 |   12880 |       0 |   0.0 |      26 |       0 |   0.0
   Shoals:2 |   16329 |   10195 |  38.4 |      36 |      16 |  30.8
   Shoals:3 |    9995 |    4262 |  29.9 |      19 |       4 |  17.4
   Shoals:4 |   15030 |   27487 |  64.6 |      34 |      42 |  55.3
   Spider:1 |   17720 |    6333 |  26.3 |      55 |       4 |   6.8
   Spider:2 |   23780 |       0 |   0.0 |      60 |       0 |   0.0
   Spider:3 |   11017 |    3429 |  23.7 |      34 |       9 |  20.9
   Spider:4 |   18099 |   25983 |  58.9 |      39 |      40 |  50.6
      Orc:1 |    1813 |       0 |   0.0 |      44 |       0 |   0.0
      Orc:2 |    1901 |    6812 |  78.2 |      21 |      35 |  62.5
   Vaults:1 |   21682 |   35314 |  62.0 |      34 |      46 |  57.5
   Vaults:2 |   14668 |   16450 |  52.9 |      17 |      19 |  52.8
   Vaults:3 |   36234 |    8241 |  18.5 |      60 |       7 |  10.4
   Vaults:4 |   33710 |   25891 |  43.4 |      44 |      31 |  41.3
   Vaults:5 |    4986 |   27462 |  84.6 |       5 |      29 |  85.3
   Depths:1 |   19034 |    5947 |  23.8 |      26 |      17 |  39.5
   Depths:2 |       0 |   91671 | 100.0 |       0 |     117 | 100.0
   Depths:3 |   40658 |   24041 |  37.2 |      48 |      24 |  33.3
   Depths:4 |   30384 |   22330 |  42.4 |      35 |      21 |  37.5
    Abyss:2 |    9854 |       0 |   0.0 |      13 |       0 |   0.0
    Abyss:3 |   20893 |       0 |   0.0 |      27 |       0 |   0.0
            +---------+---------+-------+---------+---------+-------
